Workbook
Name PredDLR: [1]Parameters!$C$45
Name PredOHR: [1]Parameters!$C$38
Name VAT: [1]Parameters!$C$20

Sheet GP Comparitive Tariffs
A1: HEALTHMAN GENERAL PRACTITIONERS COSTING GUIDE 2026
A3: COMPARATIVE TARIFFS | D3: HealthMan | F3: BankMed | H3: BestMed | J3: Bonitas | L3: Discovery | P3: CAMAF | R3: FedHealth | T3: GEMS | X3: KeyHealth | Z3: Medihelp | AB3: POLMED | AD3: ProfMed
A4: Code | B4: Terminology | C4: Average Duration Professional | D4: Upper Benchmark Tariff | E4: RCF | F4: Base Rate | G4: RCF | H4: Non Network Base Rate | I4: RCF | J4: Network Base Rate | K4: RCF | L4: Base Rate | M4: RCF | N4: DHGP Network | O4: DHGP RCF | P4: Base Rate | Q4: RCF | R4: Network Base Rate | S4: RCF | T4: Non-Contracted Base Rate | U4: Non-Contracted RCF | V4: Contracted Base Rate | W4: Contracted RCF | X4: Base Rate | Y4: RCF | Z4: Base Rate | AA4: RCF | AB4: Network Base Rate | AC4: RCF | AD4: Base Rate | AE4: RCF
C6: Units | D6: R | E6: R | F6: R | G6: R | H6: R | I6: R | J6: R | K6: R | L6: R | M6: R | N6: R | O6: R | P6: R | Q6: R | R6: R | S6: R | T6: R | U6: R | V6: R | W6: R | X6: R | Y6: R | Z6: R | AA6: R | AB6: R | AC6: R | AD6: R | AE6: R
B7: Consultations:
B9: See the Notes below for All Tariffs
A10: 107 | B10: Newborn Attendance -Visit in Ward | C10: 33 | D10: =ROUND(E10*C10,1) -> 1951 | E10: =RCF!$C$47 -> 59.121482 | F10: 986.1 | G10: =F10/C10 -> 29.881818 | H10: 1026.7 | I10: =H10/C10 -> 31.112121 | J10: 1032.4 | K10: =J10/C10 -> 31.284848 | L10: 932.3 | M10: =L10/C10 -> 28.251515 | N10: 991 | O10: =N10/C10 -> 30.030303 | P10: 1056.4 | Q10: =P10/C10 -> 32.012121 | R10: 1019.8 | S10: =R10/C10 -> 30.90303 | T10: 936 | U10: =T10/$C10 -> 28.363636 | V10: 1046.4 | W10: =V10/$C10 -> 31.709091 | X10: 1072.7 | Y10: =X10/C10 -> 32.506061 | AA10: =Z10/C10 -> 0 | AB10: 1045.8 | AC10: =AB10/C10 -> 31.690909 | AD10: =ROUND(AE10*C10,1) -> 1161.2 | AE10: =RCF!J$41 -> 35.187
A11: 109 | B11: Hospital follow-up visit | C11: 15 | D11: =ROUND(E11*C11,1) -> 886.8 | E11: =RCF!$C$47 -> 59.121482 | F11: 448.2 | G11: =F11/C11 -> 29.88 | H11: 466.7 | I11: =H11/C11 -> 31.113333 | J11: 469.1 | K11: =J11/C11 -> 31.273333 | L11: 303.6 | M11: =L11/C11 -> 20.24 | N11: 322.9 | O11: =N11/C11 -> 21.526667 | P11: 480.2 | Q11: =P11/C11 -> 32.013333 | R11: 463.4 | S11: =R11/C11 -> 30.893333 | T11: 425.8 | U11: =T11/$C11 -> 28.386667 | V11: 475.5 | W11: =V11/$C11 -> 31.7 | X11: 546.6 | Y11: =X11/C11 -> 36.44 | AA11: =Z11/C11 -> 0 | AB11: 475.2 | AC11: =AB11/C11 -> 31.68 | AD11: =ROUND(AE11*C11,1) -> 527.8 | AE11: =RCF!J$41 -> 35.187
A12: 113 | B12: Newborn Attendance - emergency at all hours | C12: 45 | D12: =ROUND(E12*C12,1) -> 2660.5 | E12: =RCF!$C$47 -> 59.121482 | F12: 1344.5 | G12: =F12/C12 -> 29.877778 | H12: 1400.5 | I12: =H12/C12 -> 31.122222 | J12: 1407.7 | K12: =J12/C12 -> 31.282222 | L12: 1271.4 | M12: =L12/C12 -> 28.253333 | N12: 1351.6 | O12: =N12/C12 -> 30.035556 | P12: 1440.5 | Q12: =P12/C12 -> 32.011111 | R12: 1390.8 | S12: =R12/C12 -> 30.906667 | T12: 1277.3 | U12: =T12/$C12 -> 28.384444 | V12: 1427.1 | W12: =V12/$C12 -> 31.713333 | X12: 1462.1 | Y12: =X12/C12 -> 32.491111 | AA12: =Z12/C12 -> 0 | AB12: 1426 | AC12: =AB12/C12 -> 31.688889 | AD12: =ROUND(AE12*C12,1) -> 1583.4 | AE12: =RCF!J$41 -> 35.187
A13: 129 | B13: Prolonged first/follow-up consultation : for each 15-minute period only if service extends 10 minutes or more into the next 15-minute period following on the first 60 minutes | C13: 15 | D13: =ROUND(E13*C13,1) -> 886.8 | E13: =RCF!$C$47 -> 59.121482 | F13: 448.2 | G13: =F13/C13 -> 29.88 | H13: 466.7 | I13: =H13/C13 -> 31.113333 | J13: 469.1 | K13: =J13/C13 -> 31.273333 | L13: 423.7 | M13: =L13/C13 -> 28.246667 | N13: 450.4 | O13: =N13/C13 -> 30.026667 | P13: 480.2 | Q13: =P13/C13 -> 32.013333 | R13: 463.4 | S13: =R13/C13 -> 30.893333 | T13: 425.8 | U13: =T13/$C13 -> 28.386667 | V13: 475.5 | W13: =V13/$C13 -> 31.7 | X13: 546.6 | Y13: =X13/C13 -> 36.44 | AA13: =Z13/C13 -> 0 | AB13: 533.1 | AC13: =AB13/C13 -> 35.54 | AD13: =ROUND(AE13*C13,1) -> 527.8 | AE13: =RCF!J$41 -> 35.187
A14: 130 | B14: Telephone consultation (all hours) (Refer to rules and interpretation) | C14: 12 | D14: =ROUND(E14*C14,1) -> 709.5 | E14: =RCF!$C$47 -> 59.121482 | F14: 251.4 | G14: =F14/C14 -> 20.95 | H14: 379.1 | I14: =H14/C14 -> 31.591667 | J14: 375.5 | K14: =J14/C14 -> 31.291667 | L14: 262 | M14: =L14/C14 -> 21.833333 | N14: 278.3 | O14: =N14/C14 -> 23.191667 | P14: 0 | Q14: =P14/C14 -> 0 | R14: 371.2 | S14: =R14/C14 -> 30.933333 | T14: 340.3 | U14: =T14/$C14 -> 28.358333 | V14: 380.5 | W14: =V14/$C14 -> 31.708333 | X14: 390.4 | Y14: =X14/C14 -> 32.533333 | AA14: =Z14/C14 -> 0 | AB14: 380.4 | AC14: =AB14/C14 -> 31.7 | AD14: =ROUND(AE14*C14,1) -> 422.2 | AE14: =RCF!J$41 -> 35.187
A15: 132 | B15: Consulting Service, e.g. Repeat Script | C15: 5 | D15: =ROUND(E15*C15,1) -> 295.6 | E15: =RCF!$C$47 -> 59.121482 | F15: 167.5 | G15: =F15/C15 -> 33.5 | H15: 157.9 | I15: =H15/C15 -> 31.58 | J15: 156.9 | K15: =J15/C15 -> 31.38 | L15: 141.1 | M15: =L15/C15 -> 28.22 | N15: 149.8 | O15: =N15/C15 -> 29.96 | P15: 160.1 | Q15: =P15/C15 -> 32.02 | R15: 154.9 | S15: =R15/C15 -> 30.98 | T15: 158.9 | U15: =T15/$C15 -> 31.78 | V15: 158.6 | W15: =V15/$C15 -> 31.72 | X15: 162.7 | Y15: =X15/C15 -> 32.54 | AA15: =Z15/C15 -> 0 | AB15: 177.8 | AC15: =AB15/C15 -> 35.56 | AD15: =ROUND(AE15*C15,1) -> 175.9 | AE15: =RCF!J$41 -> 35.187
A16: 133 | B16: Writing of special motivations and treatment | C16: 9 | D16: =ROUND(E16*C16,1) -> 532.1 | E16: =RCF!$C$47 -> 59.121482 | F16: 268.9 | G16: =F16/C16 -> 29.877778 | H16: 284.6 | I16: =H16/C16 -> 31.622222 | J16: 281.3 | K16: =J16/C16 -> 31.255556 | L16: 254 | M16: =L16/C16 -> 28.222222 | N16: 269.8 | O16: =N16/C16 -> 29.977778 | P16: 288.1 | Q16: =P16/C16 -> 32.011111 | R16: 277.9 | S16: =R16/C16 -> 30.877778 | T16: 255.3 | U16: =T16/$C16 -> 28.366667 | V16: 285.1 | W16: =V16/$C16 -> 31.677778 | X16: 292.4 | Y16: =X16/C16 -> 32.488889 | AA16: =Z16/C16 -> 0 | AB16: 285.5 | AC16: =AB16/C16 -> 31.722222 | AD16: =ROUND(AE16*C16,1) -> 316.7 | AE16: =RCF!J$41 -> 35.187
A17: 126 | B17: Unscheduled consultation (cons.room) | C17: 8 | D17: =ROUND(E17*C17,1) -> 473 | E17: =RCF!$C$47 -> 59.121482 | G17: =F17/C17 -> 0 | H17: =H19 -> 248.8 | I17: =H17/C17 -> 31.1 | J17: 280.5 | K17: =J17/C17 -> 35.0625 | L17: =L19 -> 226.2 | M17: =L17/C17 -> 28.275 | N17: =N19 -> 240.3 | O17: =N17/C17 -> 30.0375 | P17: =P19 -> 256.1 | Q17: =P17/C17 -> 32.0125 | R17: =R19 -> 247.1 | S17: =R17/C17 -> 30.8875 | T17: =T19 -> 227.1 | U17: =T17/$C17 -> 28.3875 | V17: =V19 -> 253.5 | W17: =V17/$C17 -> 31.6875 | X17: =X19 -> 291.6 | Y17: =X17/C17 -> 36.45 | Z17: =Z19 -> 0 | AA17: =Z17/C17 -> 0 | AB17: =AB19 -> 253.4 | AC17: =AB17/C17 -> 31.675 | AD17: =ROUND(AE17*C17,1) -> 281.5 | AE17: =RCF!J$41 -> 35.187
A18: 145 | B18: Consultation : Away from doctor's room | C18: 6 | D18: =ROUND(E18*C18,1) -> 354.7 | E18: =RCF!$C$47 -> 59.121482 | F18: 179.4 | G18: =F18/C18 -> 29.9 | H18: 187 | I18: =H18/C18 -> 31.166667 | J18: =ROUNDDOWN(C18*K18,1) -> 187.6 | K18: =K$11 -> 31.273333 | L18: 169.6 | M18: =L18/C18 -> 28.266667 | N18: 180.3 | O18: =N18/C18 -> 30.05 | P18: 192.1 | Q18: =P18/C18 -> 32.016667 | R18: =ROUNDDOWN(C18*S18,1) -> 185.3 | S18: =S$11 -> 30.893333 | T18: 170.3 | U18: =T18/$C18 -> 28.383333 | V18: 190.2 | W18: =V18/$C18 -> 31.7 | X18: 218.6 | Y18: =X18/C18 -> 36.433333 | AA18: =Z18/C18 -> 0 | AB18: =ROUNDDOWN(C18*AC18,1) -> 190 | AC18: =AC$11 -> 31.68 | AD18: =ROUND(AE18*C18,1) -> 211.1 | AE18: =RCF!J$41 -> 35.187
A19: 146 | B19: Emergency consultation (cons.room) | C19: 8 | D19: =ROUND(E19*C19,1) -> 473 | E19: =RCF!$C$47 -> 59.121482 | F19: 239 | G19: =F19/C19 -> 29.875 | H19: 248.8 | I19: =H19/C19 -> 31.1 | J19: =ROUNDDOWN(C19*K19,1) -> 250.1 | K19: =K$11 -> 31.273333 | L19: 226.2 | M19: =L19/C19 -> 28.275 | N19: 240.3 | O19: =N19/C19 -> 30.0375 | P19: 256.1 | Q19: =P19/C19 -> 32.0125 | R19: =ROUNDDOWN(C19*S19,1) -> 247.1 | S19: =S$11 -> 30.893333 | T19: 227.1 | U19: =T19/$C19 -> 28.3875 | V19: 253.5 | W19: =V19/$C19 -> 31.6875 | X19: 291.6 | Y19: =X19/C19 -> 36.45 | AA19: =Z19/C19 -> 0 | AB19: =ROUNDDOWN(C19*AC19,1) -> 253.4 | AC19: =AC$11 -> 31.68 | AD19: =ROUND(AE19*C19,1) -> 281.5 | AE19: =RCF!J$41 -> 35.187
A20: 147 | B20: Emergency consultation (not cons.room) | C20: 14 | D20: =ROUND(E20*C20,1) -> 827.7 | E20: =RCF!$C$47 -> 59.121482 | F20: 418.1 | G20: =F20/C20 -> 29.864286 | H20: 435.8 | I20: =H20/C20 -> 31.128571 | J20: =ROUNDDOWN(C20*K20,1) -> 437.8 | K20: =K$11 -> 31.273333 | L20: 395.9 | M20: =L20/C20 -> 28.278571 | N20: 420.9 | O20: =N20/C20 -> 30.064286 | P20: 448.2 | Q20: =P20/C20 -> 32.014286 | R20: =ROUNDDOWN(C20*S20,1) -> 432.5 | S20: =S$11 -> 30.893333 | T20: 397.3 | U20: =T20/$C20 -> 28.378571 | V20: 443.7 | W20: =V20/$C20 -> 31.692857 | X20: 509.9 | Y20: =X20/C20 -> 36.421429 | AA20: =Z20/C20 -> 0 | AB20: =ROUNDDOWN(C20*AC20,1) -> 443.5 | AC20: =AC$11 -> 31.68 | AD20: =ROUND(AE20*C20,1) -> 492.6 | AE20: =RCF!J$41 -> 35.187
A21: 148 | B21: Elective after-hours services on request of patient or family (non-emergency). Add 50% of consultation fee | D21: =ROUND(E21*C21,1) -> 0 | E21: 0 | F21: 0 | G21: 0 | H21: 261.4 | I21: 0 | J21: 0 | L21: 233.1 | N21: 0 | O21: 0 | P21: 1781.3 | Q21: 0 | R21: 0 | T21: 0 | U21: 0 | V21: 0 | W21: 0 | X21: 0 | Y21: 0 | Z21: 0 | AA21: 0 | AB21: 0 | AC21: 0 | AD21: =ROUND(AE21*C21,1) -> 0 | AE21: 0
A22: 149 | B22: After-hours bona fide emergency consultation. Add 25% of consultation fee. (21:00 to 06:00) | D22: =ROUND(E22*C22,1) -> 0 | E22: 0 | F22: 0 | G22: 0 | H22: 0 | I22: 0 | L22: 0 | N22: 0 | O22: 0 | P22: 0 | Q22: 0 | R22: 0 | T22: 119.4 | U22: 0 | V22: 133.3 | W22: 0 | X22: 0 | Y22: 0 | Z22: 0 | AA22: 0 | AB22: 0 | AC22: 0 | AD22: =ROUND(AE22*C22,1) -> 0 | AE22: 0
A23: 151 | B23: Pre-anaesthetic assessment of patient: between 10 and 20 minutes | C23: 16 | D23: =ROUND(E23*C23,1) -> 945.9 | E23: =RCF!$C$47 -> 59.121482 | F23: 535.9 | G23: =F23/C23 -> 33.49375 | H23: 506.5 | I23: =H23/C23 -> 31.65625 | J23: 500.3 | K23: =J23/C23 -> 31.26875 | L23: 477.2 | M23: =L23/C23 -> 29.825 | N23: 507.3 | O23: =N23/C23 -> 31.70625 | P23: 512.2 | Q23: =P23/C23 -> 32.0125 | R23: 494.5 | S23: =R23/C23 -> 30.90625 | T23: 509.1 | U23: 0 | V23: 568.8 | W23: 0 | X23: 520.2 | Y23: =X23/C23 -> 32.5125 | AA23: =Z23/C23 -> 0 | AB23: 568.1 | AC23: =AB23/C23 -> 35.50625 | AD23: =ROUND(AE23*C23,1) -> 0
A24: 152 | B24: Pre-anaesthetic assessment of patient: between 20 and 35 minutes | C24: 16 | D24: =ROUND(E24*C24,1) -> 945.9 | E24: =RCF!$C$47 -> 59.121482 | F24: 535.9 | G24: =F24/C24 -> 33.49375 | H24: 506.5 | I24: =H24/C24 -> 31.65625 | J24: 500.3 | K24: =J24/C24 -> 31.26875 | L24: 477.2 | M24: =L24/C24 -> 29.825 | N24: 507.3 | O24: =N24/C24 -> 31.70625 | P24: 512.2 | Q24: =P24/C24 -> 32.0125 | R24: 494.5 | S24: =R24/C24 -> 30.90625 | T24: 509.1 | U24: 0 | V24: 568.8 | W24: 0 | X24: 520.2 | Y24: =X24/C24 -> 32.5125 | AA24: =Z24/C24 -> 0 | AB24: 568.1 | AC24: =AB24/C24 -> 35.50625 | AD24: =ROUND(AE24*C24,1) -> 563 | AE24: =RCF!J$41 -> 35.187
A25: 173 | B25: First Hospital Consultation (of an average duration and/or complexity) | C25: 15 | D25: =ROUND(E25*C25,1) -> 886.8 | E25: =RCF!$C$47 -> 59.121482 | F25: 502.7 | G25: =F25/C25 -> 33.513333 | H25: 523 | I25: =H25/C25 -> 34.866667 | J25: 524.3 | K25: =J25/C25 -> 34.953333 | L25: 475.5 | M25: =L25/C25 -> 31.7 | N25: 505.5 | O25: =N25/C25 -> 33.7 | P25: 534.4 | Q25: =P25/C25 -> 35.626667 | R25: 519.8 | S25: =R25/C25 -> 34.653333 | T25: 477.5 | U25: =T25/$C25 -> 31.833333 | V25: 532.8 | W25: =V25/$C25 -> 35.52 | X25: 546.6 | Y25: =X25/C25 -> 36.44 | AA25: =Z25/C25 -> 0 | AB25: 533.1 | AC25: =AB25/C25 -> 35.54 | AD25: 527.8295 | AE25: =AD25/C25 -> 35.188633
A26: 174 | B26: First Hospital Consultation (of a moderately above average duration and/or complexity) | C26: 30 | D26: =ROUND(E26*C26,1) -> 1773.6 | E26: =RCF!$C$47 -> 59.121482 | F26: 502.7 | G26: =F26/C26 -> 16.756667 | H26: 523 | I26: =H26/C26 -> 17.433333 | J26: 526.3 | K26: =J26/C26 -> 17.543333 | L26: 475.5 | M26: =L26/C26 -> 15.85 | N26: 505.5 | O26: =N26/C26 -> 16.85 | P26: 534.4 | Q26: =P26/C26 -> 17.813333 | R26: 519.8 | S26: =R26/C26 -> 17.326667 | T26: 477.5 | U26: =T26/$C26 -> 15.916667 | V26: 532.8 | W26: =V26/$C26 -> 17.76 | X26: 546.6 | Y26: =X26/C26 -> 18.22 | AA26: =Z26/C26 -> 0 | AB26: 533.1 | AC26: =AB26/C26 -> 17.77 | AD26: 527.8295 | AE26: =AD26/C26 -> 17.594317
A27: 175 | B27: First Hospital Consultation (of long duration and/or high complexity) | C27: 45 | D27: =ROUND(E27*C27,1) -> 2660.5 | E27: =RCF!$C$47 -> 59.121482 | F27: 502.7 | G27: =F27/C27 -> 11.171111 | H27: 523 | I27: =H27/C27 -> 11.622222 | J27: 526.3 | K27: =J27/C27 -> 11.695556 | L27: 475.5 | M27: =L27/C27 -> 10.566667 | N27: 505.5 | O27: =N27/C27 -> 11.233333 | P27: 534.4 | Q27: =P27/C27 -> 11.875556 | R27: 519.8 | S27: =R27/C27 -> 11.551111 | T27: 477.5 | U27: =T27/$C27 -> 10.611111 | V27: 532.8 | W27: =V27/$C27 -> 11.84 | X27: 546.6 | Y27: =X27/C27 -> 12.146667 | AA27: =Z27/C27 -> 0 | AB27: 533.1 | AC27: =AB27/C27 -> 11.846667 | AD27: 527.8295 | AE27: =AD27/C27 -> 11.729544
A28: 190 | B28: Consultation of new or established patient (of an average duration and/or complexity) | C28: 15 | D28: =ROUND(E28*C28,1) -> 886.8 | E28: =RCF!$C$47 -> 59.121482 | F28: 502.7 | G28: =F28/C28 -> 33.513333 | H28: 521.2 | I28: =H28/C28 -> 34.746667 | J28: 526.3 | K28: =J28/C28 -> 35.086667 | L28: 523.6 | M28: =L28/C28 -> 34.906667 | N28: 556.5 | O28: =N28/C28 -> 37.1 | P28: 0 | Q28: =P28/C28 -> 0 | R28: 463.1 | S28: =R28/C28 -> 30.873333 | T28: 477.5 | U28: =T28/$C28 -> 31.833333 | V28: 532.8 | W28: =V28/$C28 -> 35.52 | X28: 563.6 | Y28: =X28/C28 -> 37.573333 | AA28: =Z28/C28 -> 0 | AB28: 533.4 | AC28: =AB28/C28 -> 35.56 | AD28: 527.8295 | AE28: =AD28/C28 -> 35.188633
A29: 191 | B29: Consultation of new or established patient (of a moderately above average duration and/or complexity) | C29: 30 | D29: =ROUND(E29*C29,1) -> 1773.6 | E29: =RCF!$C$47 -> 59.121482 | F29: 502.7 | G29: =F29/C29 -> 16.756667 | H29: 521.2 | I29: =H29/C29 -> 17.373333 | J29: 526.3 | K29: =J29/C29 -> 17.543333 | L29: 523.6 | M29: =L29/C29 -> 17.453333 | N29: 556.5 | O29: =N29/C29 -> 18.55 | P29: 0 | Q29: =P29/C29 -> 0 | R29: 519.8 | S29: =R29/C29 -> 17.326667 | T29: 477.5 | U29: =T29/$C29 -> 15.916667 | V29: 532.8 | W29: =V29/$C29 -> 17.76 | X29: 563.6 | Y29: =X29/C29 -> 18.786667 | AA29: =Z29/C29 -> 0 | AB29: 533.4 | AC29: =AB29/C29 -> 17.78 | AD29: 527.8295 | AE29: =AD29/C29 -> 17.594317
A30: 192 | B30: Consultation of new or established patient (of long duration and/or high complexity) | C30: 45 | D30: =ROUND(E30*C30,1) -> 2660.5 | E30: =RCF!$C$47 -> 59.121482 | F30: 502.7 | G30: =F30/C30 -> 11.171111 | H30: 521.2 | I30: =H30/C30 -> 11.582222 | J30: 526.3 | K30: =J30/C30 -> 11.695556 | L30: 523.6 | M30: =L30/C30 -> 11.635556 | N30: 556.5 | O30: =N30/C30 -> 12.366667 | P30: 0 | Q30: =P30/C30 -> 0 | R30: 519.8 | S30: =R30/C30 -> 11.551111 | T30: 477.5 | U30: =T30/$C30 -> 10.611111 | V30: 532.8 | W30: =V30/$C30 -> 11.84 | X30: 563.6 | Y30: =X30/C30 -> 12.524444 | AA30: =Z30/C30 -> 0 | AB30: 533.4 | AC30: =AB30/C30 -> 11.853333 | AD30: 527.8295 | AE30: =AD30/C30 -> 11.729544
A31: 193 | B31: Consultation of new or established patient (of long duration and/or high complexity) | C31: 63.6 | D31: =ROUND(E31*C31,1) -> 3760.1 | E31: =RCF!$C$47 -> 59.121482 | F31: 502.7 | G31: =F31/C31 -> 7.9040881 | H31: 521.2 | I31: =H31/C31 -> 8.1949686 | J31: 526.3 | K31: =J31/C31 -> 8.2751572 | L31: 523.6 | M31: =L31/C31 -> 8.2327044 | N31: 556.5 | O31: =N31/C31 -> 8.75 | P31: 2265.8 | Q31: =P31/C31 -> 35.625786 | R31: 519.8 | S31: =R31/C31 -> 8.172956 | T31: 477.5 | U31: =T31/$C31 -> 7.5078616 | V31: 532.8 | W31: =V31/$C31 -> 8.3773585 | X31: 563.7 | Y31: =X31/C31 -> 8.8632075 | AA31: =Z31/C31 -> 0 | AB31: =AB30 -> 533.4 | AC31: =AB31/C31 -> 8.3867925 | AD31: 0 | AE31: =AD31/C31 -> 0
A32: 199 | B32: Completion of Chronic Medication Forms on behalf of a 3rd party funder | C32: 21.43 | D32: =ROUND(E32*C32,1) -> 1267 | E32: =RCF!$C$47 -> 59.121482 | F32: 640.5 | G32: =F32/C32 -> 29.888007 | H32: 521.2 | I32: =H32/C32 -> 24.321045 | J32: 670.5 | K32: =J32/C32 -> 31.287914 | L32: 605.7 | M32: =L32/C32 -> 28.264116 | N32: 643.9 | O32: =N32/C32 -> 30.046664 | P32: 686 | Q32: =P32/C32 -> 32.011199 | R32: 662.4 | S32: =R32/C32 -> 30.909939 | T32: 608.6 | U32: =T32/$C32 -> 28.39944 | V32: 679.7 | W32: =V32/$C32 -> 31.717219 | X32: 696.3 | Y32: =X32/C32 -> 32.491834 | AA32: =Z32/C32 -> 0 | AB32: 679 | AC32: =AB32/C32 -> 31.684554 | AD32: =ROUND(AE32*C32,1) -> 754.1 | AE32: =RCF!J$41 -> 35.187
B34: Procedures:
A36: 17 | B36: Subsequent Injections as part of a planned series of injections for the same condition, administered by practitioners:(not chargeable together with a consultation item) | C36: 7.5 | D36: =ROUND(E36*C36,1) -> 0 | E36: =AE36 -> 0 | F36: =ROUND(G36*$C36,1) -> 0 | G36: =RCF!G5 -> 0 | H36: =ROUNDDOWN(I36*C36,1) -> 0 | I36: =RCF!G37 -> 0 | J36: =ROUNDDOWN(C36*K36,1) -> 0 | K36: =RCF!I7 -> 0 | L36: =ROUND(M36*$C36,1) -> 223.3 | M36: =RCF!G9 -> 29.773333 | N36: =ROUND(O36*$C36,1) -> 0 | O36: =RCF!G11 -> 0 | R36: =ROUNDDOWN(C36*S36,1) -> 0 | T36: =ROUND(U36*C36,1) -> 213.1 | U36: =RCF!G22 -> 28.413333 | V36: =ROUND(W36*C36,1) -> 208.6 | W36: =RCF!D26 -> 27.816883 | X36: =ROUNDDOWN(Y36*C36,1) -> 0 | Y36: =RCF!G33 -> 0 | Z36: =ROUNDDOWN(AA36*C36,1) -> 229.4 | AA36: =RCF!G39 -> 30.596 | AB36: =ROUNDDOWN(C36*AC36,1) -> 0 | AD36: =ROUND(AE36*C36,1) -> 0 | AE36: =RCF!G41 -> 0
A37: 202 | B37: Setting of sterile tray | C37: 10 | D37: =ROUND(E37*C37,1) -> 591.2 | E37: =RCF!$C$47 -> 59.121482 | F37: =ROUND(G37*$C37,1) -> 185.6 | G37: =RCF!C$5 -> 18.56 | H37: =ROUNDDOWN(I37*C37,1) -> 194.8 | I37: =RCF!C$37 -> 19.486667 | J37: =ROUNDDOWN(C37*K37,1) -> 193 | K37: =RCF!C$7 -> 19.303333 | L37: =ROUND(M37*$C37,1) -> 184.2 | M37: =RCF!C$9 -> 18.423 | N37: =ROUND(O37*$C37,1) -> 187.2 | O37: =RCF!C$11 -> 18.722 | P37: =ROUNDDOWN(Q37*C37,1) -> 198.2 | Q37: =RCF!C$64 -> 19.826667 | R37: =ROUNDDOWN(C37*S37,1) -> 191.3 | S37: =RCF!C$13 -> 19.133333 | T37: =ROUND(U37*C37,1) -> 175.7 | U37: =RCF!C$22 -> 17.57 | V37: =ROUND(W37*C37,1) -> 196.4 | W37: =RCF!C$26 -> 19.636667 | X37: =ROUNDDOWN(Y37*C37,1) -> 201.2 | Y37: =RCF!C$33 -> 20.121274 | Z37: =ROUNDDOWN(AA37*C37,1) -> 189.4 | AA37: =RCF!C$39 -> 18.946667 | AB37: =ROUNDDOWN(C37*AC37,1) -> 261.9 | AC37: =RCF!C$35 -> 26.19 | AD37: =ROUND(AE37*C37,1) -> 190.7 | AE37: =RCF!C$41 -> 19.068115
A38: 205 | B38: Intravenous treatment/infusion: cut down or push in for patients under 3 yrs | C38: 12 | D38: =ROUND(E38*C38,1) -> 709.5 | E38: =RCF!$C$47 -> 59.121482 | F38: =ROUND(G38*$C38,1) -> 222.7 | G38: =RCF!C$5 -> 18.56 | H38: =ROUNDDOWN(I38*C38,1) -> 233.8 | I38: =RCF!C$37 -> 19.486667 | J38: =ROUNDDOWN(C38*K38,1) -> 231.6 | K38: =RCF!C$7 -> 19.303333 | L38: =ROUND(M38*$C38,1) -> 221.1 | M38: =RCF!C$9 -> 18.423 | N38: =ROUND(O38*$C38,1) -> 224.7 | O38: =RCF!C$11 -> 18.722 | P38: =ROUNDDOWN(Q38*C38,1) -> 237.9 | Q38: =RCF!C$64 -> 19.826667 | R38: =ROUNDDOWN(C38*S38,1) -> 229.6 | S38: =RCF!C$13 -> 19.133333 | T38: =ROUND(U38*C38,1) -> 210.8 | U38: =RCF!C$22 -> 17.57 | V38: =ROUND(W38*C38,1) -> 235.6 | W38: =RCF!C$26 -> 19.636667 | X38: =ROUNDDOWN(Y38*C38,1) -> 241.4 | Y38: =RCF!C$33 -> 20.121274 | Z38: =ROUNDDOWN(AA38*C38,1) -> 227.3 | AA38: =RCF!C$39 -> 18.946667 | AB38: =ROUNDDOWN(C38*AC38,1) -> 314.2 | AC38: =RCF!C$35 -> 26.19 | AD38: =ROUND(AE38*C38,1) -> 228.8 | AE38: =RCF!C$41 -> 19.068115
A39: 206 | B39: Intravenous treatment/infusion: chargeable once per 24 hours (by medical doctor personally) | C39: 6 | D39: =ROUND(E39*C39,1) -> 354.7 | E39: =RCF!$C$47 -> 59.121482 | F39: =ROUND(G39*$C39,1) -> 111.4 | G39: =RCF!C$5 -> 18.56 | H39: =ROUNDDOWN(I39*C39,1) -> 116.9 | I39: =RCF!C$37 -> 19.486667 | J39: =ROUNDDOWN(C39*K39,1) -> 115.8 | K39: =RCF!C$7 -> 19.303333 | L39: =ROUND(M39*$C39,1) -> 110.5 | M39: =RCF!C$9 -> 18.423 | N39: =ROUND(O39*$C39,1) -> 112.3 | O39: =RCF!C$11 -> 18.722 | P39: =ROUNDDOWN(Q39*C39,1) -> 118.9 | Q39: =RCF!C$64 -> 19.826667 | R39: =ROUNDDOWN(C39*S39,1) -> 114.8 | S39: =RCF!C$13 -> 19.133333 | T39: =ROUND(U39*C39,1) -> 105.4 | U39: =RCF!C$22 -> 17.57 | V39: =ROUND(W39*C39,1) -> 117.8 | W39: =RCF!C$26 -> 19.636667 | X39: =ROUNDDOWN(Y39*C39,1) -> 120.7 | Y39: =RCF!C$33 -> 20.121274 | Z39: =ROUNDDOWN(AA39*C39,1) -> 113.6 | AA39: =RCF!C$39 -> 18.946667 | AB39: =ROUNDDOWN(C39*AC39,1) -> 157.1 | AC39: =RCF!C$35 -> 26.19 | AD39: =ROUND(AE39*C39,1) -> 114.4 | AE39: =RCF!C$41 -> 19.068115
A40: 207 | B40: Intravenous treatment/infusion: cut down for patients over 3 yrs (by medical doctor personally) | C40: 8 | D40: =ROUND(E40*C40,1) -> 473 | E40: =RCF!$C$47 -> 59.121482 | F40: =ROUND(G40*$C40,1) -> 148.5 | G40: =RCF!C$5 -> 18.56 | H40: =ROUNDDOWN(I40*C40,1) -> 155.8 | I40: =RCF!C$37 -> 19.486667 | J40: =ROUNDDOWN(C40*K40,1) -> 154.4 | K40: =RCF!C$7 -> 19.303333 | L40: =ROUND(M40*$C40,1) -> 147.4 | M40: =RCF!C$9 -> 18.423 | N40: =ROUND(O40*$C40,1) -> 149.8 | O40: =RCF!C$11 -> 18.722 | P40: =ROUNDDOWN(Q40*C40,1) -> 158.6 | Q40: =RCF!C$64 -> 19.826667 | R40: =ROUNDDOWN(C40*S40,1) -> 153 | S40: =RCF!C$13 -> 19.133333 | T40: =ROUND(U40*C40,1) -> 140.6 | U40: =RCF!C$22 -> 17.57 | V40: =ROUND(W40*C40,1) -> 157.1 | W40: =RCF!C$26 -> 19.636667 | X40: =ROUNDDOWN(Y40*C40,1) -> 160.9 | Y40: =RCF!C$33 -> 20.121274 | Z40: =ROUNDDOWN(AA40*C40,1) -> 151.5 | AA40: =RCF!C$39 -> 18.946667 | AB40: =ROUNDDOWN(C40*AC40,1) -> 209.5 | AC40: =RCF!C$35 -> 26.19 | AD40: =ROUND(AE40*C40,1) -> 152.5 | AE40: =RCF!C$41 -> 19.068115
A41: 208 | B41: Venesection: Therapeutic venesection (Not to be used when blood is drawn for the purpose of laboratory investigations) | C41: 6 | D41: =ROUND(E41*C41,1) -> 354.7 | E41: =RCF!$C$47 -> 59.121482 | F41: =ROUND(G41*$C41,1) -> 111.4 | G41: =RCF!C$5 -> 18.56 | H41: =ROUNDDOWN(I41*C41,1) -> 116.9 | I41: =RCF!C$37 -> 19.486667 | J41: =ROUNDDOWN(C41*K41,1) -> 115.8 | K41: =RCF!C$7 -> 19.303333 | L41: =ROUND(M41*$C41,1) -> 110.5 | M41: =RCF!C$9 -> 18.423 | N41: =ROUND(O41*$C41,1) -> 112.3 | O41: =RCF!C$11 -> 18.722 | P41: =ROUNDDOWN(Q41*C41,1) -> 118.9 | Q41: =RCF!C$64 -> 19.826667 | R41: =ROUNDDOWN(C41*S41,1) -> 114.8 | S41: =RCF!C$13 -> 19.133333 | T41: =ROUND(U41*C41,1) -> 105.4 | U41: =RCF!C$22 -> 17.57 | V41: =ROUND(W41*C41,1) -> 117.8 | W41: =RCF!C$26 -> 19.636667 | X41: =ROUNDDOWN(Y41*C41,1) -> 120.7 | Y41: =RCF!C$33 -> 20.121274 | Z41: =ROUNDDOWN(AA41*C41,1) -> 113.6 | AA41: =RCF!C$39 -> 18.946667 | AB41: =ROUNDDOWN(C41*AC41,1) -> 157.1 | AC41: =RCF!C$35 -> 26.19 | AD41: =ROUND(AE41*C41,1) -> 114.4 | AE41: =RCF!C$41 -> 19.068115
A42: 210 | B42: Collection of blood specimen(s) by the medical doctor for pathology per venesection | C42: 3.25 | D42: =ROUND(E42*C42,1) -> 192.1 | E42: =RCF!$C$47 -> 59.121482 | F42: =ROUND(G42*$C42,1) -> 60.3 | G42: =RCF!C$5 -> 18.56 | H42: =ROUNDDOWN(I42*C42,1) -> 63.3 | I42: =RCF!C$37 -> 19.486667 | J42: =ROUNDDOWN(C42*K42,1) -> 62.7 | K42: =RCF!C$7 -> 19.303333 | L42: =ROUND(M42*$C42,1) -> 59.9 | M42: =RCF!C$9 -> 18.423 | N42: =ROUND(O42*$C42,1) -> 60.8 | O42: =RCF!C$11 -> 18.722 | P42: =ROUNDDOWN(Q42*C42,1) -> 64.4 | Q42: =RCF!C$64 -> 19.826667 | R42: =ROUNDDOWN(C42*S42,1) -> 62.1 | S42: =RCF!C$13 -> 19.133333 | T42: =ROUND(U42*C42,1) -> 57.1 | U42: =RCF!C$22 -> 17.57 | V42: =ROUND(W42*C42,1) -> 63.8 | W42: =RCF!C$26 -> 19.636667 | X42: =ROUNDDOWN(Y42*C42,1) -> 65.3 | Y42: =RCF!C$33 -> 20.121274 | Z42: =ROUNDDOWN(AA42*C42,1) -> 61.5 | AA42: =RCF!C$39 -> 18.946667 | AB42: =ROUNDDOWN(C42*AC42,1) -> 85.1 | AC42: =RCF!C$35 -> 26.19 | AD42: =ROUND(AE42*C42,1) -> 62 | AE42: =RCF!C$41 -> 19.068115
A43: 222 | B43: Intralesional injection into areas of pathology e.g. Keloid: Single | C43: 4 | D43: =ROUND(E43*C43,1) -> 236.5 | E43: =RCF!$C$47 -> 59.121482 | F43: =ROUND(G43*$C43,1) -> 74.2 | G43: =RCF!C$5 -> 18.56 | H43: =ROUNDDOWN(I43*C43,1) -> 77.9 | I43: =RCF!C$37 -> 19.486667 | J43: =ROUNDDOWN(C43*K43,1) -> 77.2 | K43: =RCF!C$7 -> 19.303333 | L43: =ROUND(M43*$C43,1) -> 73.7 | M43: =RCF!C$9 -> 18.423 | N43: =ROUND(O43*$C43,1) -> 74.9 | O43: =RCF!C$11 -> 18.722 | P43: =ROUNDDOWN(Q43*C43,1) -> 79.3 | Q43: =RCF!C$64 -> 19.826667 | R43: =ROUNDDOWN(C43*S43,1) -> 76.5 | S43: =RCF!C$13 -> 19.133333 | T43: =ROUND(U43*C43,1) -> 70.3 | U43: =RCF!C$22 -> 17.57 | V43: =ROUND(W43*C43,1) -> 78.5 | W43: =RCF!C$26 -> 19.636667 | X43: =ROUNDDOWN(Y43*C43,1) -> 80.4 | Y43: =RCF!C$33 -> 20.121274 | Z43: =ROUNDDOWN(AA43*C43,1) -> 75.7 | AA43: =RCF!C$39 -> 18.946667 | AB43: =ROUNDDOWN(C43*AC43,1) -> 104.7 | AC43: =RCF!C$35 -> 26.19 | AD43: =ROUND(AE43*C43,1) -> 76.3 | AE43: =RCF!C$41 -> 19.068115
A44: 227 | B44: Special treatment of severe acne cases, including draining of cysts, expressing of cleaning of Comedones and/or steaming, abrasive cleaning of skin and UVR per session | C44: 8 | D44: =ROUND(E44*C44,1) -> 473 | E44: =RCF!$C$47 -> 59.121482 | F44: =ROUND(G44*$C44,1) -> 148.5 | G44: =RCF!C$5 -> 18.56 | H44: =ROUNDDOWN(I44*C44,1) -> 155.8 | I44: =RCF!C$37 -> 19.486667 | J44: =ROUNDDOWN(C44*K44,1) -> 154.4 | K44: =RCF!C$7 -> 19.303333 | L44: =ROUND(M44*$C44,1) -> 147.4 | M44: =RCF!C$9 -> 18.423 | N44: =ROUND(O44*$C44,1) -> 149.8 | O44: =RCF!C$11 -> 18.722 | P44: =ROUNDDOWN(Q44*C44,1) -> 158.6 | Q44: =RCF!C$64 -> 19.826667 | R44: =ROUNDDOWN(C44*S44,1) -> 153 | S44: =RCF!C$13 -> 19.133333 | T44: =ROUND(U44*C44,1) -> 140.6 | U44: =RCF!C$22 -> 17.57 | V44: =ROUND(W44*C44,1) -> 157.1 | W44: =RCF!C$26 -> 19.636667 | X44: =ROUNDDOWN(Y44*C44,1) -> 160.9 | Y44: =RCF!C$33 -> 20.121274 | Z44: =ROUNDDOWN(AA44*C44,1) -> 151.5 | AA44: =RCF!C$39 -> 18.946667 | AB44: =ROUNDDOWN(C44*AC44,1) -> 209.5 | AC44: =RCF!C$35 -> 26.19 | AD44: =ROUND(AE44*C44,1) -> 152.5 | AE44: =RCF!C$41 -> 19.068115
A45: 241 | B45: Treatment of benign lesion/chemo-cryotherapy: first lesion | C45: 6 | D45: =ROUND(E45*C45,1) -> 354.7 | E45: =RCF!$C$47 -> 59.121482 | F45: =ROUND(G45*$C45,1) -> 111.4 | G45: =RCF!C$5 -> 18.56 | H45: =ROUNDDOWN(I45*C45,1) -> 116.9 | I45: =RCF!C$37 -> 19.486667 | J45: =ROUNDDOWN(C45*K45,1) -> 115.8 | K45: =RCF!C$7 -> 19.303333 | L45: =ROUND(M45*$C45,1) -> 110.5 | M45: =RCF!C$9 -> 18.423 | N45: =ROUND(O45*$C45,1) -> 112.3 | O45: =RCF!C$11 -> 18.722 | P45: =ROUNDDOWN(Q45*C45,1) -> 118.9 | Q45: =RCF!C$64 -> 19.826667 | R45: =ROUNDDOWN(C45*S45,1) -> 114.8 | S45: =RCF!C$13 -> 19.133333 | T45: =ROUND(U45*C45,1) -> 105.4 | U45: =RCF!C$22 -> 17.57 | V45: =ROUND(W45*C45,1) -> 117.8 | W45: =RCF!C$26 -> 19.636667 | X45: =ROUNDDOWN(Y45*C45,1) -> 120.7 | Y45: =RCF!C$33 -> 20.121274 | Z45: =ROUNDDOWN(AA45*C45,1) -> 113.6 | AA45: =RCF!C$39 -> 18.946667 | AB45: =ROUNDDOWN(C45*AC45,1) -> 157.1 | AC45: =RCF!C$35 -> 26.19 | AD45: =ROUND(AE45*C45,1) -> 114.4 | AE45: =RCF!C$41 -> 19.068115
A46: 242 | B46: Subsequent benign lesion (each) | C46: 3 | D46: =ROUND(E46*C46,1) -> 177.4 | E46: =RCF!$C$47 -> 59.121482 | F46: =ROUND(G46*$C46,1) -> 55.7 | G46: =RCF!C$5 -> 18.56 | H46: =ROUNDDOWN(I46*C46,1) -> 58.4 | I46: =RCF!C$37 -> 19.486667 | J46: =ROUNDDOWN(C46*K46,1) -> 57.9 | K46: =RCF!C$7 -> 19.303333 | L46: =ROUND(M46*$C46,1) -> 55.3 | M46: =RCF!C$9 -> 18.423 | N46: =ROUND(O46*$C46,1) -> 56.2 | O46: =RCF!C$11 -> 18.722 | P46: =ROUNDDOWN(Q46*C46,1) -> 59.4 | Q46: =RCF!C$64 -> 19.826667 | R46: =ROUNDDOWN(C46*S46,1) -> 57.4 | S46: =RCF!C$13 -> 19.133333 | T46: =ROUND(U46*C46,1) -> 52.7 | U46: =RCF!C$22 -> 17.57 | V46: =ROUND(W46*C46,1) -> 58.9 | W46: =RCF!C$26 -> 19.636667 | X46: =ROUNDDOWN(Y46*C46,1) -> 60.3 | Y46: =RCF!C$33 -> 20.121274 | Z46: =ROUNDDOWN(AA46*C46,1) -> 56.8 | AA46: =RCF!C$39 -> 18.946667 | AB46: =ROUNDDOWN(C46*AC46,1) -> 78.5 | AC46: =RCF!C$35 -> 26.19 | AD46: =ROUND(AE46*C46,1) -> 57.2 | AE46: =RCF!C$41 -> 19.068115
A47: 243 | B47: Treatment of benign lesion/chemo-cryotherapy: Maximum for multiple additional lesions | C47: 42 | D47: =ROUND(E47*C47,1) -> 2483.1 | E47: =RCF!$C$47 -> 59.121482 | F47: =ROUND(G47*$C47,1) -> 779.5 | G47: =RCF!C$5 -> 18.56 | H47: =ROUNDDOWN(I47*C47,1) -> 818.4 | I47: =RCF!C$37 -> 19.486667 | J47: =ROUNDDOWN(C47*K47,1) -> 810.7 | K47: =RCF!C$7 -> 19.303333 | L47: =ROUND(M47*$C47,1) -> 773.8 | M47: =RCF!C$9 -> 18.423 | N47: =ROUND(O47*$C47,1) -> 786.3 | O47: =RCF!C$11 -> 18.722 | P47: =ROUNDDOWN(Q47*C47,1) -> 832.7 | Q47: =RCF!C$64 -> 19.826667 | R47: =ROUNDDOWN(C47*S47,1) -> 803.6 | S47: =RCF!C$13 -> 19.133333 | T47: =ROUND(U47*C47,1) -> 737.9 | U47: =RCF!C$22 -> 17.57 | V47: =ROUND(W47*C47,1) -> 824.7 | W47: =RCF!C$26 -> 19.636667 | X47: =ROUNDDOWN(Y47*C47,1) -> 845 | Y47: =RCF!C$33 -> 20.121274 | Z47: =ROUNDDOWN(AA47*C47,1) -> 795.7 | AA47: =RCF!C$39 -> 18.946667 | AB47: =ROUNDDOWN(C47*AC47,1) -> 1099.9 | AC47: =RCF!C$35 -> 26.19 | AD47: =ROUND(AE47*C47,1) -> 800.9 | AE47: =RCF!C$41 -> 19.068115
A48: 245 | B48: Removal of benign lesion by curretting under local or general anaesthesia followed by diathermy and curretting or electrocautery: First lesion | C48: 14 | D48: =ROUND(E48*C48,1) -> 827.7 | E48: =RCF!$C$47 -> 59.121482 | F48: =ROUND(G48*$C48,1) -> 259.8 | G48: =RCF!C$5 -> 18.56 | H48: =ROUNDDOWN(I48*C48,1) -> 272.8 | I48: =RCF!C$37 -> 19.486667 | J48: =ROUNDDOWN(C48*K48,1) -> 270.2 | K48: =RCF!C$7 -> 19.303333 | L48: =ROUND(M48*$C48,1) -> 257.9 | M48: =RCF!C$9 -> 18.423 | N48: =ROUND(O48*$C48,1) -> 262.1 | O48: =RCF!C$11 -> 18.722 | P48: =ROUNDDOWN(Q48*C48,1) -> 277.5 | Q48: =RCF!C$64 -> 19.826667 | R48: =ROUNDDOWN(C48*S48,1) -> 267.8 | S48: =RCF!C$13 -> 19.133333 | T48: =ROUND(U48*C48,1) -> 246 | U48: =RCF!C$22 -> 17.57 | V48: =ROUND(W48*C48,1) -> 274.9 | W48: =RCF!C$26 -> 19.636667 | X48: =ROUNDDOWN(Y48*C48,1) -> 281.6 | Y48: =RCF!C$33 -> 20.121274 | Z48: =ROUNDDOWN(AA48*C48,1) -> 265.2 | AA48: =RCF!C$39 -> 18.946667 | AB48: =ROUNDDOWN(C48*AC48,1) -> 366.6 | AC48: =RCF!C$35 -> 26.19 | AD48: =ROUND(AE48*C48,1) -> 267 | AE48: =RCF!C$41 -> 19.068115
... A81: 1218 | B81: Insertion of central venous line via subclavian or jugular veins | C81: 25 | D81: =ROUND(E81*C81,1) -> 1478 | E81: =RCF!$C$47 -> 59.121482 | F81: =ROUND(G81*$C81,1) -> 464 | G81: =RCF!C$5 -> 18.56 | H81: =ROUNDDOWN(I81*C81,1) -> 487.1 | I81: =RCF!C$37 -> 19.486667 | J81: =ROUNDDOWN(C81*K81,1) -> 482.5 | K81: =RCF!C$7 -> 19.303333 | L81: =ROUND(M81*$C81,1) -> 460.6 | M81: =RCF!C$9 -> 18.423 | N81: =ROUND(O81*$C81,1) -> 468.1 | O81: =RCF!C$11 -> 18.722 | P81: =ROUNDDOWN(Q81*C81,1) -> 495.6 | Q81: =RCF!C$64 -> 19.826667 | R81: =ROUNDDOWN(C81*S81,1) -> 478.3 | S81: =RCF!C$13 -> 19.133333 | T81: =ROUND(U81*C81,1) -> 439.3 | U81: =RCF!C$22 -> 17.57 | V81: =ROUND(W81*C81,1) -> 490.9 | W81: =RCF!C$26 -> 19.636667 | X81: =ROUNDDOWN(Y81*C81,1) -> 503 | Y81: =RCF!C$33 -> 20.121274 | Z81: =ROUNDDOWN(AA81*C81,1) -> 473.6 | AA81: =RCF!C$39 -> 18.946667 | AB81: =ROUNDDOWN(C81*AC81,1) -> 654.7 | AC81: =RCF!C$35 -> 26.19 | AD81: =ROUND(AE81*C81,1) -> 476.7 | AE81: =RCF!C$41 -> 19.068115
A82: 1220 | B82: Patient-controlled analgesic pump: Equipment hire: Per calendar day (Cassette to be coded for according to item 0201 per patient) | C82: 30 | D82: =ROUND(E82*C82,1) -> 572 | E82: =AE82 -> 19.068115 | F82: =ROUND(G82*$C82,1) -> 556.8 | G82: =RCF!C$5 -> 18.56 | H82: =ROUNDDOWN(I82*C82,1) -> 584.6 | I82: =RCF!C$37 -> 19.486667 | J82: =ROUNDDOWN(C82*K82,1) -> 579.1 | K82: =RCF!C$7 -> 19.303333 | L82: =ROUND(M82*$C82,1) -> 552.7 | M82: =RCF!C$9 -> 18.423 | N82: =ROUND(O82*$C82,1) -> 561.7 | O82: =RCF!C$11 -> 18.722 | P82: =ROUNDDOWN(Q82*C82,1) -> 594.8 | Q82: =RCF!C$64 -> 19.826667 | R82: =ROUNDDOWN(C82*S82,1) -> 574 | S82: =RCF!C$13 -> 19.133333 | T82: =ROUND(U82*C82,1) -> 527.1 | U82: =RCF!C$22 -> 17.57 | V82: =ROUND(W82*C82,1) -> 589.1 | W82: =RCF!C$26 -> 19.636667 | X82: =ROUNDDOWN(Y82*C82,1) -> 603.6 | Y82: =RCF!C$33 -> 20.121274 | Z82: =ROUNDDOWN(AA82*C82,1) -> 568.4 | AA82: =RCF!C$39 -> 18.946667 | AB82: =ROUNDDOWN(C82*AC82,1) -> 785.7 | AC82: =RCF!C$35 -> 26.19 | AD82: =ROUND(AE82*C82,1) -> 572 | AE82: =RCF!C$41 -> 19.068115
A83: 1221 | B83: Professional component for managing a patient-controlled analgesic pump: First calendar day | C83: 30 | D83: =ROUND(E83*C83,1) -> 572 | E83: =AE83 -> 19.068115 | F83: =ROUND(G83*$C83,1) -> 556.8 | G83: =RCF!C$5 -> 18.56 | H83: =ROUNDDOWN(I83*C83,1) -> 584.6 | I83: =RCF!C$37 -> 19.486667 | J83: =ROUNDDOWN(C83*K83,1) -> 579.1 | K83: =RCF!C$7 -> 19.303333 | L83: =ROUND(M83*$C83,1) -> 552.7 | M83: =RCF!C$9 -> 18.423 | N83: =ROUND(O83*$C83,1) -> 561.7 | O83: =RCF!C$11 -> 18.722 | P83: =ROUNDDOWN(Q83*C83,1) -> 594.8 | Q83: =RCF!C$64 -> 19.826667 | R83: =ROUNDDOWN(C83*S83,1) -> 574 | S83: =RCF!C$13 -> 19.133333 | T83: =ROUND(U83*C83,1) -> 527.1 | U83: =RCF!C$22 -> 17.57 | V83: =ROUND(W83*C83,1) -> 589.1 | W83: =RCF!C$26 -> 19.636667 | X83: =ROUNDDOWN(Y83*C83,1) -> 603.6 | Y83: =RCF!C$33 -> 20.121274 | Z83: =ROUNDDOWN(AA83*C83,1) -> 568.4 | AA83: =RCF!C$39 -> 18.946667 | AB83: =ROUNDDOWN(C83*AC83,1) -> 785.7 | AC83: =RCF!C$35 -> 26.19 | AD83: =ROUND(AE83*C83,1) -> 572 | AE83: =RCF!C$41 -> 19.068115
A84: 1230 | B84: Professional component for a physician interpreting an ECG: Without effort | C84: 0 | D84: =ROUND(E84*C84,1) -> 0 | E84: =AE84 -> 19.068115 | F84: =ROUND(G84*$C84,1) -> 0 | G84: =RCF!C$5 -> 18.56 | H84: =ROUNDDOWN(I84*C84,1) -> 0 | I84: =RCF!C$37 -> 19.486667 | J84: =ROUNDDOWN(C84*K84,1) -> 0 | K84: =RCF!C$7 -> 19.303333 | L84: =ROUND(M84*$C84,1) -> 0 | M84: =RCF!C$9 -> 18.423 | N84: =ROUND(O84*$C84,1) -> 0 | O84: =RCF!C$11 -> 18.722 | P84: =ROUNDDOWN(Q84*C84,1) -> 0 | Q84: =RCF!C$64 -> 19.826667 | R84: =ROUNDDOWN(C84*S84,1) -> 0 | S84: =RCF!C$13 -> 19.133333 | T84: =ROUND(U84*C84,1) -> 0 | U84: =RCF!C$22 -> 17.57 | V84: =ROUND(W84*C84,1) -> 0 | W84: =RCF!C$26 -> 19.636667 | X84: =ROUNDDOWN(Y84*C84,1) -> 0 | Y84: =RCF!C$33 -> 20.121274 | Z84: =ROUNDDOWN(AA84*C84,1) -> 0 | AA84: =RCF!C$39 -> 18.946667 | AB84: =ROUNDDOWN(C84*AC84,1) -> 0 | AC84: =RCF!C$35 -> 26.19 | AD84: =ROUND(AE84*C84,1) -> 0 | AE84: =RCF!C$41 -> 19.068115
A85: 1232 | B85: Electrocardiogram: Without effort (interpretation included) | C85: 9 | D85: =ROUND(E85*C85,1) -> 171.6 | E85: =AE85 -> 19.068115 | F85: =ROUND(G85*$C85,1) -> 167 | G85: =RCF!C$5 -> 18.56 | H85: =ROUNDDOWN(I85*C85,1) -> 175.3 | I85: =RCF!C$37 -> 19.486667 | J85: =ROUNDDOWN(C85*K85,1) -> 173.7 | K85: =RCF!C$7 -> 19.303333 | L85: =ROUND(M85*$C85,1) -> 165.8 | M85: =RCF!C$9 -> 18.423 | N85: =ROUND(O85*$C85,1) -> 168.5 | O85: =RCF!C$11 -> 18.722 | P85: =ROUNDDOWN(Q85*C85,1) -> 178.4 | Q85: =RCF!C$64 -> 19.826667 | R85: =ROUNDDOWN(C85*S85,1) -> 172.2 | S85: =RCF!C$13 -> 19.133333 | T85: =ROUND(U85*C85,1) -> 158.1 | U85: =RCF!C$22 -> 17.57 | V85: =ROUND(W85*C85,1) -> 176.7 | W85: =RCF!C$26 -> 19.636667 | X85: =ROUNDDOWN(Y85*C85,1) -> 181 | Y85: =RCF!C$33 -> 20.121274 | Z85: =ROUNDDOWN(AA85*C85,1) -> 170.5 | AA85: =RCF!C$39 -> 18.946667 | AB85: =ROUNDDOWN(C85*AC85,1) -> 235.7 | AC85: =RCF!C$35 -> 26.19 | AD85: =ROUND(AE85*C85,1) -> 171.6 | AE85: =RCF!C$41 -> 19.068115
A86: 1233 | B86: Electrocardiogram: With and without effort (Interpretation included) | C86: 13 | D86: =ROUND(E86*C86,1) -> 247.9 | E86: =AE86 -> 19.068115 | F86: =ROUND(G86*$C86,1) -> 241.3 | G86: =RCF!C$5 -> 18.56 | H86: =ROUNDDOWN(I86*C86,1) -> 253.3 | I86: =RCF!C$37 -> 19.486667 | J86: =ROUNDDOWN(C86*K86,1) -> 250.9 | K86: =RCF!C$7 -> 19.303333 | L86: =ROUND(M86*$C86,1) -> 239.5 | M86: =RCF!C$9 -> 18.423 | N86: =ROUND(O86*$C86,1) -> 243.4 | O86: =RCF!C$11 -> 18.722 | P86: =ROUNDDOWN(Q86*C86,1) -> 257.7 | Q86: =RCF!C$64 -> 19.826667 | R86: =ROUNDDOWN(C86*S86,1) -> 248.7 | S86: =RCF!C$13 -> 19.133333 | T86: =ROUND(U86*C86,1) -> 228.4 | U86: =RCF!C$22 -> 17.57 | V86: =ROUND(W86*C86,1) -> 255.3 | W86: =RCF!C$26 -> 19.636667 | X86: =ROUNDDOWN(Y86*C86,1) -> 261.5 | Y86: =RCF!C$33 -> 20.121274 | Z86: =ROUNDDOWN(AA86*C86,1) -> 246.3 | AA86: =RCF!C$39 -> 18.946667 | AB86: =ROUNDDOWN(C86*AC86,1) -> 340.4 | AC86: =RCF!C$35 -> 26.19 | AD86: =ROUND(AE86*C86,1) -> 247.9 | AE86: =RCF!C$41 -> 19.068115
A87: 1234 | B87: Effort electrocardiogram with the aid of a special bicycle ergometer, monitoring apparatus and availability of associated apparatus (interpretation included) | C87: 40 | D87: =ROUND(E87*C87,1) -> 762.7 | E87: =AE87 -> 19.068115 | F87: =ROUND(G87*$C87,1) -> 742.4 | G87: =RCF!C$5 -> 18.56 | H87: =ROUNDDOWN(I87*C87,1) -> 779.4 | I87: =RCF!C$37 -> 19.486667 | J87: =ROUNDDOWN(C87*K87,1) -> 772.1 | K87: =RCF!C$7 -> 19.303333 | L87: =ROUND(M87*$C87,1) -> 736.9 | M87: =RCF!C$9 -> 18.423 | N87: =ROUND(O87*$C87,1) -> 748.9 | O87: =RCF!C$11 -> 18.722 | P87: =ROUNDDOWN(Q87*C87,1) -> 793 | Q87: =RCF!C$64 -> 19.826667 | R87: =ROUNDDOWN(C87*S87,1) -> 765.3 | S87: =RCF!C$13 -> 19.133333 | T87: =ROUND(U87*C87,1) -> 702.8 | U87: =RCF!C$22 -> 17.57 | V87: =ROUND(W87*C87,1) -> 785.5 | W87: =RCF!C$26 -> 19.636667 | X87: =ROUNDDOWN(Y87*C87,1) -> 804.8 | Y87: =RCF!C$33 -> 20.121274 | Z87: =ROUNDDOWN(AA87*C87,1) -> 757.8 | AA87: =RCF!C$39 -> 18.946667 | AB87: =ROUNDDOWN(C87*AC87,1) -> 1047.6 | AC87: =RCF!C$35 -> 26.19 | AD87: =ROUND(AE87*C87,1) -> 762.7 | AE87: =RCF!C$41 -> 19.068115
A88: 1235 | B88: Multi-stage treadmill test (interpretation included) | C88: 60 | D88: =ROUND(E88*C88,1) -> 1144.1 | E88: =AE88 -> 19.068115 | F88: =ROUND(G88*$C88,1) -> 1113.6 | G88: =RCF!C$5 -> 18.56 | H88: =ROUNDDOWN(I88*C88,1) -> 1169.2 | I88: =RCF!C$37 -> 19.486667 | J88: =ROUNDDOWN(C88*K88,1) -> 1158.2 | K88: =RCF!C$7 -> 19.303333 | L88: =ROUND(M88*$C88,1) -> 1105.4 | M88: =RCF!C$9 -> 18.423 | N88: =ROUND(O88*$C88,1) -> 1123.3 | O88: =RCF!C$11 -> 18.722 | P88: =ROUNDDOWN(Q88*C88,1) -> 1189.6 | Q88: =RCF!C$64 -> 19.826667 | R88: =ROUNDDOWN(C88*S88,1) -> 1148 | S88: =RCF!C$13 -> 19.133333 | T88: =ROUND(U88*C88,1) -> 1054.2 | U88: =RCF!C$22 -> 17.57 | V88: =ROUND(W88*C88,1) -> 1178.2 | W88: =RCF!C$26 -> 19.636667 | X88: =ROUNDDOWN(Y88*C88,1) -> 1207.2 | Y88: =RCF!C$33 -> 20.121274 | Z88: =ROUNDDOWN(AA88*C88,1) -> 1136.8 | AA88: =RCF!C$39 -> 18.946667 | AB88: =ROUNDDOWN(C88*AC88,1) -> 1571.4 | AC88: =RCF!C$35 -> 26.19 | AD88: =ROUND(AE88*C88,1) -> 1144.1 | AE88: =RCF!C$41 -> 19.068115
A89: 1237 | B89: 24-hour ambulatory blood pressure: Equipment hire | C89: 30 | D89: =ROUND(E89*C89,1) -> 572 | E89: =AE89 -> 19.068115 | F89: =ROUND(G89*$C89,1) -> 556.8 | G89: =RCF!C$5 -> 18.56 | H89: =ROUNDDOWN(I89*C89,1) -> 584.6 | I89: =RCF!C$37 -> 19.486667 | J89: =ROUNDDOWN(C89*K89,1) -> 579.1 | K89: =RCF!C$7 -> 19.303333 | L89: =ROUND(M89*$C89,1) -> 552.7 | M89: =RCF!C$9 -> 18.423 | N89: =ROUND(O89*$C89,1) -> 561.7 | O89: =RCF!C$11 -> 18.722 | P89: =ROUNDDOWN(Q89*C89,1) -> 594.8 | Q89: =RCF!C$64 -> 19.826667 | R89: =ROUNDDOWN(C89*S89,1) -> 574 | S89: =RCF!C$13 -> 19.133333 | T89: =ROUND(U89*C89,1) -> 527.1 | U89: =RCF!C$22 -> 17.57 | V89: =ROUND(W89*C89,1) -> 589.1 | W89: =RCF!C$26 -> 19.636667 | X89: =ROUNDDOWN(Y89*C89,1) -> 603.6 | Y89: =RCF!C$33 -> 20.121274 | Z89: =ROUNDDOWN(AA89*C89,1) -> 568.4 | AA89: =RCF!C$39 -> 18.946667 | AB89: =ROUNDDOWN(C89*AC89,1) -> 785.7 | AC89: =RCF!C$35 -> 26.19 | AD89: =ROUND(AE89*C89,1) -> 572 | AE89: =RCF!C$41 -> 19.068115
A90: 1461 | B90: All dental procedures (Anasthesia Administered equals 4 units) | D90: =ROUND(E90*C90,1) -> 0 | E90: =RCF!$C$47 -> 59.121482 | F90: =ROUND(G90*$C90,1) -> 0 | G90: =RCF!C$5 -> 18.56 | H90: =ROUNDDOWN(I90*C90,1) -> 0 | I90: =RCF!C$37 -> 19.486667 | J90: =ROUNDDOWN(C90*K90,1) -> 0 | K90: =RCF!C$7 -> 19.303333 | L90: =ROUND(M90*$C90,1) -> 0 | M90: =RCF!C$9 -> 18.423 | N90: =ROUND(O90*$C90,1) -> 0 | O90: =RCF!C$11 -> 18.722 | P90: =ROUNDDOWN(Q90*C90,1) -> 0 | Q90: =RCF!C$64 -> 19.826667 | R90: =ROUNDDOWN(C90*S90,1) -> 0 | S90: =RCF!C$13 -> 19.133333 | T90: =ROUND(U90*C90,1) -> 0 | U90: =RCF!C$22 -> 17.57 | V90: =ROUND(W90*C90,1) -> 0 | W90: =RCF!C$26 -> 19.636667 | X90: =ROUNDDOWN(Y90*C90,1) -> 0 | Y90: =RCF!C$33 -> 20.121274 | Z90: =ROUNDDOWN(AA90*C90,1) -> 0 | AA90: =RCF!C$39 -> 18.946667 | AB90: =ROUNDDOWN(C90*AC90,1) -> 0 | AC90: =RCF!C$35 -> 26.19 | AD90: =ROUND(AE90*C90,1) -> 0 | AE90: =RCF!C$41 -> 19.068115
A91: 1705 | B91: Incision and drainage of peri-anal abscess | C91: 40 | D91: =ROUND(E91*C91,1) -> 2364.9 | E91: =RCF!$C$47 -> 59.121482 | F91: =ROUND(G91*$C91,1) -> 742.4 | G91: =RCF!C$5 -> 18.56 | H91: =ROUNDDOWN(I91*C91,1) -> 779.4 | I91: =RCF!C$37 -> 19.486667 | J91: =ROUNDDOWN(C91*K91,1) -> 772.1 | K91: =RCF!C$7 -> 19.303333 | L91: =ROUND(M91*$C91,1) -> 736.9 | M91: =RCF!C$9 -> 18.423 | N91: =ROUND(O91*$C91,1) -> 748.9 | O91: =RCF!C$11 -> 18.722 | P91: =ROUNDDOWN(Q91*C91,1) -> 793 | Q91: =RCF!C$64 -> 19.826667 | R91: =ROUNDDOWN(C91*S91,1) -> 765.3 | S91: =RCF!C$13 -> 19.133333 | T91: =ROUND(U91*C91,1) -> 702.8 | U91: =RCF!C$22 -> 17.57 | V91: =ROUND(W91*C91,1) -> 785.5 | W91: =RCF!C$26 -> 19.636667 | X91: =ROUNDDOWN(Y91*C91,1) -> 804.8 | Y91: =RCF!C$33 -> 20.121274 | Z91: =ROUNDDOWN(AA91*C91,1) -> 757.8 | AA91: =RCF!C$39 -> 18.946667 | AB91: =ROUNDDOWN(C91*AC91,1) -> 1047.6 | AC91: =RCF!C$35 -> 26.19 | AD91: =ROUND(AE91*C91,1) -> 762.7 | AE91: =RCF!C$41 -> 19.068115
A92: 1725 | B92: Drainage of external thrombosed pile | C92: 12.5 | D92: =ROUND(E92*C92,1) -> 739 | E92: =RCF!$C$47 -> 59.121482 | F92: =ROUND(G92*$C92,1) -> 232 | G92: =RCF!C$5 -> 18.56 | H92: =ROUNDDOWN(I92*C92,1) -> 243.5 | I92: =RCF!C$37 -> 19.486667 | J92: =ROUNDDOWN(C92*K92,1) -> 241.2 | K92: =RCF!C$7 -> 19.303333 | L92: =ROUND(M92*$C92,1) -> 230.3 | M92: =RCF!C$9 -> 18.423 | N92: =ROUND(O92*$C92,1) -> 234 | O92: =RCF!C$11 -> 18.722 | P92: =ROUNDDOWN(Q92*C92,1) -> 247.8 | Q92: =RCF!C$64 -> 19.826667 | R92: =ROUNDDOWN(C92*S92,1) -> 239.1 | S92: =RCF!C$13 -> 19.133333 | T92: =ROUND(U92*C92,1) -> 219.6 | U92: =RCF!C$22 -> 17.57 | V92: =ROUND(W92*C92,1) -> 245.5 | W92: =RCF!C$26 -> 19.636667 | X92: =ROUNDDOWN(Y92*C92,1) -> 251.5 | Y92: =RCF!C$33 -> 20.121274 | Z92: =ROUNDDOWN(AA92*C92,1) -> 236.8 | AA92: =RCF!C$39 -> 18.946667 | AB92: =ROUNDDOWN(C92*AC92,1) -> 327.3 | AC92: =RCF!C$35 -> 26.19 | AD92: =ROUND(AE92*C92,1) -> 238.4 | AE92: =RCF!C$41 -> 19.068115
A93: 1995 | B93: Percutaneous aspiration of bladder | C93: 10 | D93: =ROUND(E93*C93,1) -> 591.2 | E93: =RCF!$C$47 -> 59.121482 | F93: =ROUND(G93*$C93,1) -> 185.6 | G93: =RCF!C$5 -> 18.56 | H93: =ROUNDDOWN(I93*C93,1) -> 194.8 | I93: =RCF!C$37 -> 19.486667 | J93: =ROUNDDOWN(C93*K93,1) -> 193 | K93: =RCF!C$7 -> 19.303333 | L93: =ROUND(M93*$C93,1) -> 184.2 | M93: =RCF!C$9 -> 18.423 | N93: =ROUND(O93*$C93,1) -> 187.2 | O93: =RCF!C$11 -> 18.722 | P93: =ROUNDDOWN(Q93*C93,1) -> 198.2 | Q93: =RCF!C$64 -> 19.826667 | R93: =ROUNDDOWN(C93*S93,1) -> 191.3 | S93: =RCF!C$13 -> 19.133333 | T93: =ROUND(U93*C93,1) -> 175.7 | U93: =RCF!C$22 -> 17.57 | V93: =ROUND(W93*C93,1) -> 196.4 | W93: =RCF!C$26 -> 19.636667 | X93: =ROUNDDOWN(Y93*C93,1) -> 201.2 | Y93: =RCF!C$33 -> 20.121274 | Z93: =ROUNDDOWN(AA93*C93,1) -> 189.4 | AA93: =RCF!C$39 -> 18.946667 | AB93: =ROUNDDOWN(C93*AC93,1) -> 261.9 | AC93: =RCF!C$35 -> 26.19 | AD93: =ROUND(AE93*C93,1) -> 190.7 | AE93: =RCF!C$41 -> 19.068115
A94: 1996 | B94: Bladder catheterisation: Male (not at operation) | C94: 6 | D94: =ROUND(E94*C94,1) -> 354.7 | E94: =RCF!$C$47 -> 59.121482 | F94: =ROUND(G94*$C94,1) -> 111.4 | G94: =RCF!C$5 -> 18.56 | H94: =ROUNDDOWN(I94*C94,1) -> 116.9 | I94: =RCF!C$37 -> 19.486667 | J94: =ROUNDDOWN(C94*K94,1) -> 115.8 | K94: =RCF!C$7 -> 19.303333 | L94: =ROUND(M94*$C94,1) -> 110.5 | M94: =RCF!C$9 -> 18.423 | N94: =ROUND(O94*$C94,1) -> 112.3 | O94: =RCF!C$11 -> 18.722 | P94: =ROUNDDOWN(Q94*C94,1) -> 118.9 | Q94: =RCF!C$64 -> 19.826667 | R94: =ROUNDDOWN(C94*S94,1) -> 114.8 | S94: =RCF!C$13 -> 19.133333 | T94: =ROUND(U94*C94,1) -> 105.4 | U94: =RCF!C$22 -> 17.57 | V94: =ROUND(W94*C94,1) -> 117.8 | W94: =RCF!C$26 -> 19.636667 | X94: =ROUNDDOWN(Y94*C94,1) -> 120.7 | Y94: =RCF!C$33 -> 20.121274 | Z94: =ROUNDDOWN(AA94*C94,1) -> 113.6 | AA94: =RCF!C$39 -> 18.946667 | AB94: =ROUNDDOWN(C94*AC94,1) -> 157.1 | AC94: =RCF!C$35 -> 26.19 | AD94: =ROUND(AE94*C94,1) -> 114.4 | AE94: =RCF!C$41 -> 19.068115
A95: 2137 | B95: Circumcision: Surgical excision other than by clamp or dors | C95: 60 | D95: =ROUND(E95*C95,1) -> 3547.3 | E95: =RCF!$C$47 -> 59.121482 | F95: =ROUND(G95*$C95,1) -> 1113.6 | G95: =RCF!C$5 -> 18.56 | H95: =ROUNDDOWN(I95*C95,1) -> 1169.2 | I95: =RCF!C$37 -> 19.486667 | J95: =ROUNDDOWN(C95*K95,1) -> 1158.2 | K95: =RCF!C$7 -> 19.303333 | L95: =ROUND(M95*$C95,1) -> 1105.4 | M95: =RCF!C$9 -> 18.423 | N95: =ROUND(O95*$C95,1) -> 1123.3 | O95: =RCF!C$11 -> 18.722 | P95: =ROUNDDOWN(Q95*C95,1) -> 1189.6 | Q95: =RCF!C$64 -> 19.826667 | R95: =ROUNDDOWN(C95*S95,1) -> 1148 | S95: =RCF!C$13 -> 19.133333 | T95: =ROUND(U95*C95,1) -> 1054.2 | U95: =RCF!C$22 -> 17.57 | V95: =ROUND(W95*C95,1) -> 1178.2 | W95: =RCF!C$26 -> 19.636667 | X95: =ROUNDDOWN(Y95*C95,1) -> 1207.2 | Y95: =RCF!C$33 -> 20.121274 | Z95: =ROUNDDOWN(AA95*C95,1) -> 1136.8 | AA95: =RCF!C$39 -> 18.946667 | AB95: =ROUNDDOWN(C95*AC95,1) -> 1571.4 | AC95: =RCF!C$35 -> 26.19 | AD95: =ROUND(AE95*C95,1) -> 1144.1 | AE95: =RCF!C$41 -> 19.068115
A96: 2442 | B96: Insertion of intra uterine contraceptive device (IUCD) (excluding after-care) | C96: 18 | D96: =ROUND(E96*C96,1) -> 1064.2 | E96: =RCF!$C$47 -> 59.121482 | F96: =ROUND(G96*$C96,1) -> 334.1 | G96: =RCF!C$5 -> 18.56 | H96: =ROUNDDOWN(I96*C96,1) -> 350.7 | I96: =RCF!C$37 -> 19.486667 | J96: =ROUNDDOWN(C96*K96,1) -> 347.4 | K96: =RCF!C$7 -> 19.303333 | L96: =ROUND(M96*$C96,1) -> 331.6 | M96: =RCF!C$9 -> 18.423 | N96: =ROUND(O96*$C96,1) -> 337 | O96: =RCF!C$11 -> 18.722 | P96: =ROUNDDOWN(Q96*C96,1) -> 356.8 | Q96: =RCF!C$64 -> 19.826667 | R96: =ROUNDDOWN(C96*S96,1) -> 344.4 | S96: =RCF!C$13 -> 19.133333 | T96: =ROUND(U96*C96,1) -> 316.3 | U96: =RCF!C$22 -> 17.57 | V96: =ROUND(W96*C96,1) -> 353.5 | W96: =RCF!C$26 -> 19.636667 | X96: =ROUNDDOWN(Y96*C96,1) -> 362.1 | Y96: =RCF!C$33 -> 20.121274 | Z96: =ROUNDDOWN(AA96*C96,1) -> 341 | AA96: =RCF!C$39 -> 18.946667 | AB96: =ROUNDDOWN(C96*AC96,1) -> 471.4 | AC96: =RCF!C$35 -> 26.19 | AD96: =ROUND(AE96*C96,1) -> 343.2 | AE96: =RCF!C$41 -> 19.068115
A97: 2447 | B97: Evacuation of uterus: Incomplete abortion: After 12 weeks gestation | C97: 85.4 | D97: =ROUND(E97*C97,1) -> 5049 | E97: =RCF!$C$47 -> 59.121482 | F97: =ROUND(G97*$C97,1) -> 1585 | G97: =RCF!C$5 -> 18.56 | H97: =ROUNDDOWN(I97*C97,1) -> 1664.1 | I97: =RCF!C$37 -> 19.486667 | J97: =ROUNDDOWN(C97*K97,1) -> 1648.5 | K97: =RCF!C$7 -> 19.303333 | L97: =ROUND(M97*$C97,1) -> 1573.3 | M97: =RCF!C$9 -> 18.423 | N97: =ROUND(O97*$C97,1) -> 1598.9 | O97: =RCF!C$11 -> 18.722 | P97: =ROUNDDOWN(Q97*C97,1) -> 1693.1 | Q97: =RCF!C$64 -> 19.826667 | R97: =ROUNDDOWN(C97*S97,1) -> 1633.9 | S97: =RCF!C$13 -> 19.133333 | T97: =ROUND(U97*C97,1) -> 1500.5 | U97: =RCF!C$22 -> 17.57 | V97: =ROUND(W97*C97,1) -> 1677 | W97: =RCF!C$26 -> 19.636667 | X97: =ROUNDDOWN(Y97*C97,1) -> 1718.3 | Y97: =RCF!C$33 -> 20.121274 | Z97: =ROUNDDOWN(AA97*C97,1) -> 1618 | AA97: =RCF!C$39 -> 18.946667 | AB97: =ROUNDDOWN(C97*AC97,1) -> 2236.6 | AC97: =RCF!C$35 -> 26.19 | AD97: =ROUND(AE97*C97,1) -> 1628.4 | AE97: =RCF!C$41 -> 19.068115
A98: 2565 | B98: Implantation hormone pellets (excluding after-care) | C98: 3 | D98: =ROUND(E98*C98,1) -> 177.4 | E98: =RCF!$C$47 -> 59.121482 | F98: =ROUND(G98*$C98,1) -> 55.7 | G98: =RCF!C$5 -> 18.56 | H98: =ROUNDDOWN(I98*C98,1) -> 58.4 | I98: =RCF!C$37 -> 19.486667 | J98: =ROUNDDOWN(C98*K98,1) -> 57.9 | K98: =RCF!C$7 -> 19.303333 | L98: =ROUND(M98*$C98,1) -> 55.3 | M98: =RCF!C$9 -> 18.423 | N98: =ROUND(O98*$C98,1) -> 56.2 | O98: =RCF!C$11 -> 18.722 | P98: =ROUNDDOWN(Q98*C98,1) -> 59.4 | Q98: =RCF!C$64 -> 19.826667 | R98: =ROUNDDOWN(C98*S98,1) -> 57.4 | S98: =RCF!C$13 -> 19.133333 | T98: =ROUND(U98*C98,1) -> 52.7 | U98: =RCF!C$22 -> 17.57 | V98: =ROUND(W98*C98,1) -> 58.9 | W98: =RCF!C$26 -> 19.636667 | X98: =ROUNDDOWN(Y98*C98,1) -> 60.3 | Y98: =RCF!C$33 -> 20.121274 | Z98: =ROUNDDOWN(AA98*C98,1) -> 56.8 | AA98: =RCF!C$39 -> 18.946667 | AB98: =ROUNDDOWN(C98*AC98,1) -> 78.5 | AC98: =RCF!C$35 -> 26.19 | AD98: =ROUND(AE98*C98,1) -> 57.2 | AE98: =RCF!C$41 -> 19.068115
A99: 2614 | B99: Global obstetric care: All inclusive fee that includes all modes of vaginal delivery (excluding Caesarean section) and obstetric care from the commencement of labour until after the post-partum visit (6 weeks visit) | C99: 225.6 | F99: =ROUND(G99*$C99,1) -> 4187.1 | G99: =RCF!C$5 -> 18.56 | H99: =ROUNDDOWN(I99*C99,1) -> 4396.1 | I99: =RCF!C$37 -> 19.486667 | J99: =ROUNDDOWN(C99*K99,1) -> 4354.8 | K99: =RCF!C$7 -> 19.303333 | L99: =ROUND(M99*$C99,1) -> 4156.2 | M99: =RCF!C$9 -> 18.423 | N99: =ROUND(O99*$C99,1) -> 4223.7 | O99: =RCF!C$11 -> 18.722 | P99: =ROUNDDOWN(Q99*C99,1) -> 4472.8 | Q99: =RCF!C$64 -> 19.826667 | R99: =ROUNDDOWN(C99*S99,1) -> 4316.4 | S99: =RCF!C$13 -> 19.133333 | T99: =ROUND(U99*C99,1) -> 3963.8 | U99: =RCF!C$22 -> 17.57 | V99: =ROUND(W99*C99,1) -> 4430 | W99: =RCF!C$26 -> 19.636667 | X99: =ROUNDDOWN(Y99*C99,1) -> 4539.3 | Y99: =RCF!C$33 -> 20.121274 | Z99: =ROUNDDOWN(AA99*C99,1) -> 4274.3 | AA99: =RCF!C$39 -> 18.946667 | AB99: =ROUNDDOWN(C99*AC99,1) -> 5908.4 | AC99: =RCF!C$35 -> 26.19 | AD99: =ROUND(AE99*C99,1) -> 4301.8 | AE99: =RCF!C$41 -> 19.068115
A100: 2614 | B100: Global obstetric care: All inclusive fee that includes all modes of vaginal delivery (excluding Caesarean section) and obstetric care from the commencement of labour until after the post-partum visit (4 weeks visit) (includes malpractice insurance) | C100: 369.9 | D100: =ROUND(E100*C100,1) -> 19280.1 | E100: =RCF!K47 -> 52.122365 | F100: =ROUND(G100*$C100,1) -> 0 | G100: 0 | H100: =ROUNDDOWN(I100*C100,1) -> 0 | J100: =ROUNDDOWN(C100*K100,1) -> 0 | N100: =ROUND(O100*$C100,1) -> 0 | P100: =ROUNDDOWN(Q100*C100,1) -> 0 | R100: =ROUNDDOWN(C100*S100,1) -> 0 | X100: =ROUNDDOWN(Y100*C100,1) -> 0 | Z100: =ROUNDDOWN(AA100*C100,1) -> 0 | AB100: 4236.6 | AE100: =RCF!C$41 -> 19.068115
A101: 2615 | B101: Global obstetric care: All inclusive fee for caesarean section and obstetric care from the commencement of labour until after the post-partum visit (6 weeks visit). See modifier 0011 for emergency caesarean section (all hours) | C101: 213.6 | F101: =ROUND(G101*$C101,1) -> 3964.4 | G101: =RCF!C$5 -> 18.56 | H101: =ROUNDDOWN(I101*C101,1) -> 4162.3 | I101: =RCF!C$37 -> 19.486667 | J101: =ROUNDDOWN(C101*K101,1) -> 4123.1 | K101: =RCF!C$7 -> 19.303333 | L101: =ROUND(M101*$C101,1) -> 3935.2 | M101: =RCF!C$9 -> 18.423 | N101: =ROUND(O101*$C101,1) -> 3999 | O101: =RCF!C$11 -> 18.722 | P101: =ROUNDDOWN(Q101*C101,1) -> 4234.9 | Q101: =RCF!C$64 -> 19.826667 | R101: =ROUNDDOWN(C101*S101,1) -> 4086.8 | S101: =RCF!C$13 -> 19.133333 | T101: =ROUND(U101*C101,1) -> 3753 | U101: =RCF!C$22 -> 17.57 | V101: =ROUND(W101*C101,1) -> 4194.4 | W101: =RCF!C$26 -> 19.636667 | X101: =ROUNDDOWN(Y101*C101,1) -> 4297.9 | Y101: =RCF!C$33 -> 20.121274 | Z101: =ROUNDDOWN(AA101*C101,1) -> 4047 | AA101: =RCF!C$39 -> 18.946667 | AB101: =ROUNDDOWN(C101*AC101,1) -> 5594.1 | AC101: =RCF!C$35 -> 26.19 | AD101: =ROUND(AE101*C101,1) -> 4072.9 | AE101: =RCF!C$41 -> 19.068115
A102: 2615 | B102: Global obstetric care: All inclusive fee for caesarean section and obstetric care from the commencement of labour until after the post-partum visit (4 weeks visit). See modifier 0011 for emergency caesarean section (all hours) (includes malpractice insurance) | C102: 359.6 | D102: =ROUND(E102*C102,1) -> 18658.7 | E102: =RCF!L47 -> 51.887495 | F102: =ROUND(G102*$C102,1) -> 0 | G102: 0 | H102: =ROUNDDOWN(I102*C102,1) -> 0 | J102: =ROUNDDOWN(C102*K102,1) -> 0 | N102: =ROUND(O102*$C102,1) -> 0 | P102: =ROUNDDOWN(Q102*C102,1) -> 0 | R102: =ROUNDDOWN(C102*S102,1) -> 0 | X102: =ROUNDDOWN(Y102*C102,1) -> 0 | AA102: =RCF!C$39 -> 18.946667 | AB102: 4011.1 | AE102: =RCF!C$41 -> 19.068115
A103: 3204 | B103: External ear canal: Removal of foreign body at rooms with use of microscope | C103: 21.58 | D103: =ROUND(E103*C103,1) -> 1275.8 | E103: =RCF!$C$47 -> 59.121482 | F103: =ROUND(G103*$C103,1) -> 400.5 | G103: =RCF!C$5 -> 18.56 | H103: =ROUNDDOWN(I103*C103,1) -> 420.5 | I103: =RCF!C$37 -> 19.486667 | J103: =ROUNDDOWN(C103*K103,1) -> 416.5 | K103: =RCF!C$7 -> 19.303333 | L103: =ROUND(M103*$C103,1) -> 397.6 | M103: =RCF!C$9 -> 18.423 | N103: =ROUND(O103*$C103,1) -> 404 | O103: =RCF!C$11 -> 18.722 | P103: =ROUNDDOWN(Q103*C103,1) -> 427.8 | Q103: =RCF!C$64 -> 19.826667 | R103: =ROUNDDOWN(C103*S103,1) -> 412.8 | S103: =RCF!C$13 -> 19.133333 | T103: =ROUND(U103*C103,1) -> 379.2 | U103: =RCF!C$22 -> 17.57 | V103: =ROUND(W103*C103,1) -> 423.8 | W103: =RCF!C$26 -> 19.636667 | X103: =ROUNDDOWN(Y103*C103,1) -> 434.2 | Y103: =RCF!C$33 -> 20.121274 | Z103: =ROUNDDOWN(AA103*C103,1) -> 408.8 | AA103: =RCF!C$39 -> 18.946667 | AB103: =ROUNDDOWN(C103*AC103,1) -> 565.1 | AC103: =RCF!C$35 -> 26.19 | AD103: =ROUND(AE103*C103,1) -> 411.5 | AE103: =RCF!C$41 -> 19.068115
A104: 2799 | B104: Procedures for pain relief: Intrathecal injections for pain | C104: 36 | D104: =ROUND(E104*C104,1) -> 2128.4 | E104: =RCF!$C$47 -> 59.121482 | F104: =ROUND(G104*$C104,1) -> 668.2 | G104: =RCF!C$5 -> 18.56 | H104: =ROUNDDOWN(I104*C104,1) -> 701.5 | I104: =RCF!C$37 -> 19.486667 | J104: =ROUNDDOWN(C104*K104,1) -> 694.9 | K104: =RCF!C$7 -> 19.303333 | L104: =ROUND(M104*$C104,1) -> 663.2 | M104: =RCF!C$9 -> 18.423 | N104: =ROUND(O104*$C104,1) -> 674 | O104: =RCF!C$11 -> 18.722 | P104: =ROUNDDOWN(Q104*C104,1) -> 713.7 | Q104: =RCF!C$64 -> 19.826667 | R104: =ROUNDDOWN(C104*S104,1) -> 688.8 | S104: =RCF!C$13 -> 19.133333 | T104: =ROUND(U104*C104,1) -> 632.5 | U104: =RCF!C$22 -> 17.57 | V104: =ROUND(W104*C104,1) -> 706.9 | W104: =RCF!C$26 -> 19.636667 | X104: =ROUNDDOWN(Y104*C104,1) -> 724.3 | Y104: =RCF!C$33 -> 20.121274 | Z104: =ROUNDDOWN(AA104*C104,1) -> 682 | AA104: =RCF!C$39 -> 18.946667 | AB104: =ROUNDDOWN(C104*AC104,1) -> 942.8 | AC104: =RCF!C$35 -> 26.19 | AD104: =ROUND(AE104*C104,1) -> 686.5 | AE104: =RCF!C$41 -> 19.068115
A105: 2800 | B105: Procedures for pain relief: Plexus nerve block | C105: 36 | D105: =ROUND(E105*C105,1) -> 2128.4 | E105: =RCF!$C$47 -> 59.121482 | F105: =ROUND(G105*$C105,1) -> 668.2 | G105: =RCF!C$5 -> 18.56 | H105: =ROUNDDOWN(I105*C105,1) -> 701.5 | I105: =RCF!C$37 -> 19.486667 | J105: =ROUNDDOWN(C105*K105,1) -> 694.9 | K105: =RCF!C$7 -> 19.303333 | L105: =ROUND(M105*$C105,1) -> 663.2 | M105: =RCF!C$9 -> 18.423 | N105: =ROUND(O105*$C105,1) -> 674 | O105: =RCF!C$11 -> 18.722 | P105: =ROUNDDOWN(Q105*C105,1) -> 713.7 | Q105: =RCF!C$64 -> 19.826667 | R105: =ROUNDDOWN(C105*S105,1) -> 688.8 | S105: =RCF!C$13 -> 19.133333 | T105: =ROUND(U105*C105,1) -> 632.5 | U105: =RCF!C$22 -> 17.57 | V105: =ROUND(W105*C105,1) -> 706.9 | W105: =RCF!C$26 -> 19.636667 | X105: =ROUNDDOWN(Y105*C105,1) -> 724.3 | Y105: =RCF!C$33 -> 20.121274 | Z105: =ROUNDDOWN(AA105*C105,1) -> 682 | AA105: =RCF!C$39 -> 18.946667 | AB105: =ROUNDDOWN(C105*AC105,1) -> 942.8 | AC105: =RCF!C$35 -> 26.19 | AD105: =ROUND(AE105*C105,1) -> 686.5 | AE105: =RCF!C$41 -> 19.068115
A106: 2801 | B106: Procedures for pain relief: Epidural injection for pain (refer to modifier 0045 for post-operative pain relief). For epidural anaesthetic refer to modifier 0021 | C106: 36 | D106: =ROUND(E106*C106,1) -> 2128.4 | E106: =RCF!$C$47 -> 59.121482 | F106: =ROUND(G106*$C106,1) -> 668.2 | G106: =RCF!C$5 -> 18.56 | H106: =ROUNDDOWN(I106*C106,1) -> 701.5 | I106: =RCF!C$37 -> 19.486667 | J106: =ROUNDDOWN(C106*K106,1) -> 694.9 | K106: =RCF!C$7 -> 19.303333 | L106: =ROUND(M106*$C106,1) -> 663.2 | M106: =RCF!C$9 -> 18.423 | N106: =ROUND(O106*$C106,1) -> 674 | O106: =RCF!C$11 -> 18.722 | P106: =ROUNDDOWN(Q106*C106,1) -> 713.7 | Q106: =RCF!C$64 -> 19.826667 | R106: =ROUNDDOWN(C106*S106,1) -> 688.8 | S106: =RCF!C$13 -> 19.133333 | T106: =ROUND(U106*C106,1) -> 632.5 | U106: =RCF!C$22 -> 17.57 | V106: =ROUND(W106*C106,1) -> 706.9 | W106: =RCF!C$26 -> 19.636667 | X106: =ROUNDDOWN(Y106*C106,1) -> 724.3 | Y106: =RCF!C$33 -> 20.121274 | Z106: =ROUNDDOWN(AA106*C106,1) -> 682 | AA106: =RCF!C$39 -> 18.946667 | AB106: =ROUNDDOWN(C106*AC106,1) -> 942.8 | AC106: =RCF!C$35 -> 26.19 | AD106: =ROUND(AE106*C106,1) -> 686.5 | AE106: =RCF!C$41 -> 19.068115
A107: 3445 | B107: Chest X-ray code 3601 included | C107: 9.4 | D107: =ROUND(E107*C107,1) -> 179.2 | E107: =AE107 -> 19.068115 | F107: =ROUND(G107*$C107,1) -> 253.2 | G107: =RCF!D5 -> 26.933 | H107: =ROUNDDOWN(I107*C107,1) -> 259.5 | I107: =RCF!D37 -> 27.611688 | J107: =ROUNDDOWN(C107*K107,1) -> 257 | K107: =RCF!D$7 -> 27.345455 | L107: =ROUND(M107*$C107,1) -> 245.3 | M107: =RCF!D9 -> 26.101 | N107: =ROUND(O107*$C107,1) -> 245.3 | O107: =RCF!D11 -> 26.101 | P107: =ROUNDDOWN(Q107*C107,1) -> 269.7 | Q107: =RCF!D$64 -> 28.7 | R107: =ROUNDDOWN(C107*S107,1) -> 254.8 | S107: =RCF!D$13 -> 27.106494 | T107: =ROUND(U107*C107,1) -> 234 | U107: =RCF!D22 -> 24.897403 | V107: =ROUND(W107*C107,1) -> 261.5 | W107: =RCF!D26 -> 27.816883 | X107: =ROUNDDOWN(Y107*C107,1) -> 189.1 | Y107: =RCF!C$33 -> 20.121274 | Z107: =ROUNDDOWN(AA107*C107,1) -> 178 | AA107: =RCF!C$39 -> 18.946667 | AB107: =ROUNDDOWN(C107*AC107,1) -> 246.1 | AC107: =RCF!C$35 -> 26.19 | AD107: =ROUND(AE107*C107,1) -> 179.2 | AE107: =RCF!C$41 -> 19.068115
A108: 3615 | B108: Routine obstetric ultrasound at 10- 20 weeks gestational age preferable at 10 to 14 weeks gestational age to include nuchal translucency assessment | C108: 50 | D108: =ROUND(E108*C108,1) -> 926.4 | E108: =AE108 -> 18.52785 | F108: =ROUND(G108*$C108,1) -> 906 | G108: =RCF!F$5 -> 18.12 | H108: =ROUNDDOWN(I108*C108,1) -> 929 | I108: =RCF!F$37 -> 18.58 | J108: =ROUNDDOWN(C108*K108,1) -> 920.1 | K108: =RCF!F$7 -> 18.402 | L108: =ROUND(M108*$C108,1) -> 878.2 | M108: =RCF!F$9 -> 17.563 | N108: =ROUND(O108*$C108,1) -> 67 | O108: =RCF!F$11 -> 1.3409722 | P108: =ROUNDDOWN(Q108*C108,1) -> 944.8 | Q108: =RCF!F$64 -> 18.896 | R108: =ROUNDDOWN(C108*S108,1) -> 911.8 | S108: =RCF!F$13 -> 18.236 | T108: =ROUND(U108*C108,1) -> 837.4 | U108: =RCF!F$22 -> 16.748 | V108: =ROUND(W108*C108,1) -> 936.1 | W108: =RCF!F$26 -> 18.722 | X108: =ROUNDDOWN(Y108*C108,1) -> 958.9 | Y108: =RCF!F$33 -> 19.17994 | Z108: =ROUNDDOWN(AA108*C108,1) -> 920.8 | AA108: =RCF!F$39 -> 18.416 | AB108: =ROUNDDOWN(C108*AC108,1) -> 1247.8 | AC108: =RCF!F$35 -> 24.956 | AD108: =ROUND(AE108*C108,1) -> 926.4 | AE108: =RCF!F$41 -> 18.52785
A109: 3617 | B109: Routine obstetric ultrasound at 20 to 24 weeks to include detailed anatomical assessment | C109: 50 | D109: =ROUND(E109*C109,1) -> 926.4 | E109: =AE109 -> 18.52785 | F109: =ROUND(G109*$C109,1) -> 906 | G109: =RCF!F$5 -> 18.12 | H109: =ROUNDDOWN(I109*C109,1) -> 929 | I109: =RCF!F$37 -> 18.58 | J109: =ROUNDDOWN(C109*K109,1) -> 920.1 | K109: =RCF!F$7 -> 18.402 | L109: =ROUND(M109*$C109,1) -> 878.2 | M109: =RCF!F$9 -> 17.563 | N109: =ROUND(O109*$C109,1) -> 67 | O109: =RCF!F$11 -> 1.3409722 | P109: =ROUNDDOWN(Q109*C109,1) -> 944.8 | Q109: =RCF!F$64 -> 18.896 | R109: =ROUNDDOWN(C109*S109,1) -> 911.8 | S109: =RCF!F$13 -> 18.236 | T109: =ROUND(U109*C109,1) -> 837.4 | U109: =RCF!F$22 -> 16.748 | V109: =ROUND(W109*C109,1) -> 936.1 | W109: =RCF!F$26 -> 18.722 | X109: =ROUNDDOWN(Y109*C109,1) -> 958.9 | Y109: =RCF!F$33 -> 19.17994 | Z109: =ROUNDDOWN(AA109*C109,1) -> 920.8 | AA109: =RCF!F$39 -> 18.416 | AB109: =ROUNDDOWN(C109*AC109,1) -> 1247.8 | AC109: =RCF!F$35 -> 24.956 | AD109: =ROUND(AE109*C109,1) -> 926.4 | AE109: =RCF!F$41 -> 18.52785
A110: 3618 | B110: Pelvic organs ultrasound transabdominal probe (this is a gynaecological ultrasound examination and may not be used in pregnancy) | C110: 40 | D110: =ROUND(E110*C110,1) -> 741.1 | E110: =AE110 -> 18.52785 | F110: =ROUND(G110*$C110,1) -> 724.8 | G110: =RCF!F$5 -> 18.12 | H110: =ROUNDDOWN(I110*C110,1) -> 743.2 | I110: =RCF!F$37 -> 18.58 | J110: =ROUNDDOWN(C110*K110,1) -> 736 | K110: =RCF!F$7 -> 18.402 | L110: =ROUND(M110*$C110,1) -> 702.5 | M110: =RCF!F$9 -> 17.563 | N110: =ROUND(O110*$C110,1) -> 53.6 | O110: =RCF!F$11 -> 1.3409722 | P110: =ROUNDDOWN(Q110*C110,1) -> 755.8 | Q110: =RCF!F$64 -> 18.896 | R110: =ROUNDDOWN(C110*S110,1) -> 729.4 | S110: =RCF!F$13 -> 18.236 | T110: =ROUND(U110*C110,1) -> 669.9 | U110: =RCF!F$22 -> 16.748 | V110: =ROUND(W110*C110,1) -> 748.9 | W110: =RCF!F$26 -> 18.722 | X110: =ROUNDDOWN(Y110*C110,1) -> 767.1 | Y110: =RCF!F$33 -> 19.17994 | Z110: =ROUNDDOWN(AA110*C110,1) -> 736.6 | AA110: =RCF!F$39 -> 18.416 | AB110: =ROUNDDOWN(C110*AC110,1) -> 998.2 | AC110: =RCF!F$35 -> 24.956 | AD110: =ROUND(AE110*C110,1) -> 741.1 | AE110: =RCF!F$41 -> 18.52785
A111: 3622 | B111: Cardiac examination: 2 Dimensional | C111: 50 | D111: =ROUND(E111*C111,1) -> 926.4 | E111: =AE111 -> 18.52785 | F111: =ROUND(G111*$C111,1) -> 906 | G111: =RCF!F$5 -> 18.12 | H111: =ROUNDDOWN(I111*C111,1) -> 929 | I111: =RCF!F$37 -> 18.58 | J111: =ROUNDDOWN(C111*K111,1) -> 920.1 | K111: =RCF!F$7 -> 18.402 | L111: =ROUND(M111*$C111,1) -> 878.2 | M111: =RCF!F$9 -> 17.563 | N111: =ROUND(O111*$C111,1) -> 67 | O111: =RCF!F$11 -> 1.3409722 | P111: =ROUNDDOWN(Q111*C111,1) -> 944.8 | Q111: =RCF!F$64 -> 18.896 | R111: =ROUNDDOWN(C111*S111,1) -> 911.8 | S111: =RCF!F$13 -> 18.236 | T111: =ROUND(U111*C111,1) -> 837.4 | U111: =RCF!F$22 -> 16.748 | V111: =ROUND(W111*C111,1) -> 936.1 | W111: =RCF!F$26 -> 18.722 | X111: =ROUNDDOWN(Y111*C111,1) -> 958.9 | Y111: =RCF!F$33 -> 19.17994 | Z111: =ROUNDDOWN(AA111*C111,1) -> 920.8 | AA111: =RCF!F$39 -> 18.416 | AB111: =ROUNDDOWN(C111*AC111,1) -> 1247.8 | AC111: =RCF!F$35 -> 24.956 | AD111: =ROUND(AE111*C111,1) -> 926.4 | AE111: =RCF!F$41 -> 18.52785
A112: 3625 | B112: Cardiac examinations + doppler | C112: 50 | D112: =ROUND(E112*C112,1) -> 926.4 | E112: =AE112 -> 18.52785 | F112: =ROUND(G112*$C112,1) -> 906 | G112: =RCF!F$5 -> 18.12 | H112: =ROUNDDOWN(I112*C112,1) -> 929 | I112: =RCF!F$37 -> 18.58 | J112: =ROUNDDOWN(C112*K112,1) -> 920.1 | K112: =RCF!F$7 -> 18.402 | L112: =ROUND(M112*$C112,1) -> 878.2 | M112: =RCF!F$9 -> 17.563 | N112: =ROUND(O112*$C112,1) -> 67 | O112: =RCF!F$11 -> 1.3409722 | P112: =ROUNDDOWN(Q112*C112,1) -> 944.8 | Q112: =RCF!F$64 -> 18.896 | R112: =ROUNDDOWN(C112*S112,1) -> 911.8 | S112: =RCF!F$13 -> 18.236 | T112: =ROUND(U112*C112,1) -> 837.4 | U112: =RCF!F$22 -> 16.748 | V112: =ROUND(W112*C112,1) -> 936.1 | W112: =RCF!F$26 -> 18.722 | X112: =ROUNDDOWN(Y112*C112,1) -> 958.9 | Y112: =RCF!F$33 -> 19.17994 | Z112: =ROUNDDOWN(AA112*C112,1) -> 920.8 | AA112: =RCF!F$39 -> 18.416 | AB112: =ROUNDDOWN(C112*AC112,1) -> 1247.8 | AC112: =RCF!F$35 -> 24.956 | AD112: =ROUND(AE112*C112,1) -> 926.4 | AE112: =RCF!F$41 -> 18.52785
A113: 3627 | B113: Ultrasound examination includes whole abdomen and pelvic organs, where pelvic organs are clinically indicated (including liver, gall bladder, spleen, pancreas, abdominal vascular anatomy, para-aortic area, renal tract, pelvic organs) | C113: 60 | D113: =ROUND(E113*C113,1) -> 1111.7 | E113: =AE113 -> 18.52785 | F113: =ROUND(G113*$C113,1) -> 1087.2 | G113: =RCF!F$5 -> 18.12 | H113: =ROUNDDOWN(I113*C113,1) -> 1114.8 | I113: =RCF!F$37 -> 18.58 | J113: =ROUNDDOWN(C113*K113,1) -> 1104.1 | K113: =RCF!F$7 -> 18.402 | L113: =ROUND(M113*$C113,1) -> 1053.8 | M113: =RCF!F$9 -> 17.563 | N113: =ROUND(O113*$C113,1) -> 80.5 | O113: =RCF!F$11 -> 1.3409722 | P113: =ROUNDDOWN(Q113*C113,1) -> 1133.7 | Q113: =RCF!F$64 -> 18.896 | R113: =ROUNDDOWN(C113*S113,1) -> 1094.1 | S113: =RCF!F$13 -> 18.236 | T113: =ROUND(U113*C113,1) -> 1004.9 | U113: =RCF!F$22 -> 16.748 | V113: =ROUND(W113*C113,1) -> 1123.3 | W113: =RCF!F$26 -> 18.722 | X113: =ROUNDDOWN(Y113*C113,1) -> 1150.7 | Y113: =RCF!F$33 -> 19.17994 | Z113: =ROUNDDOWN(AA113*C113,1) -> 1104.9 | AA113: =RCF!F$39 -> 18.416 | AB113: =ROUNDDOWN(C113*AC113,1) -> 1497.3 | AC113: =RCF!F$35 -> 24.956 | AD113: =ROUND(AE113*C113,1) -> 1111.7 | AE113: =RCF!F$41 -> 18.52785
A114: 3629 | B114: High definition (small parts) scan: Thyroid, breast lump, scrotum, etc. | C114: 50 | D114: =ROUND(E114*C114,1) -> 926.4 | E114: =AE114 -> 18.52785 | F114: =ROUND(G114*$C114,1) -> 906 | G114: =RCF!F$5 -> 18.12 | H114: =ROUNDDOWN(I114*C114,1) -> 929 | I114: =RCF!F$37 -> 18.58 | J114: =ROUNDDOWN(C114*K114,1) -> 920.1 | K114: =RCF!F$7 -> 18.402 | L114: =ROUND(M114*$C114,1) -> 878.2 | M114: =RCF!F$9 -> 17.563 | N114: =ROUND(O114*$C114,1) -> 67 | O114: =RCF!F$11 -> 1.3409722 | P114: =ROUNDDOWN(Q114*C114,1) -> 944.8 | Q114: =RCF!F$64 -> 18.896 | R114: =ROUNDDOWN(C114*S114,1) -> 911.8 | S114: =RCF!F$13 -> 18.236 | T114: =ROUND(U114*C114,1) -> 837.4 | U114: =RCF!F$22 -> 16.748 | V114: =ROUND(W114*C114,1) -> 936.1 | W114: =RCF!F$26 -> 18.722 | X114: =ROUNDDOWN(Y114*C114,1) -> 958.9 | Y114: =RCF!F$33 -> 19.17994 | Z114: =ROUNDDOWN(AA114*C114,1) -> 920.8 | AA114: =RCF!F$39 -> 18.416 | AB114: =ROUNDDOWN(C114*AC114,1) -> 1247.8 | AC114: =RCF!F$35 -> 24.956 | AD114: =ROUND(AE114*C114,1) -> 926.4 | AE114: =RCF!F$41 -> 18.52785
A115: 3637 | B115: Plus (+) colour doppler (may be added onto any other regional exam, but not to be added to items 3605, 5110, 5111, 5112, 5113 or 5114) | C115: 78 | D115: =ROUND(E115*C115,1) -> 1445.2 | E115: =AE115 -> 18.52785 | F115: =ROUND(G115*$C115,1) -> 1413.4 | G115: =RCF!F$5 -> 18.12 | H115: =ROUNDDOWN(I115*C115,1) -> 1449.2 | I115: =RCF!F$37 -> 18.58 | J115: =ROUNDDOWN(C115*K115,1) -> 1435.3 | K115: =RCF!F$7 -> 18.402 | L115: =ROUND(M115*$C115,1) -> 1369.9 | M115: =RCF!F$9 -> 17.563 | N115: =ROUND(O115*$C115,1) -> 104.6 | O115: =RCF!F$11 -> 1.3409722 | P115: =ROUNDDOWN(Q115*C115,1) -> 1473.8 | Q115: =RCF!F$64 -> 18.896 | R115: =ROUNDDOWN(C115*S115,1) -> 1422.4 | S115: =RCF!F$13 -> 18.236 | T115: =ROUND(U115*C115,1) -> 1306.3 | U115: =RCF!F$22 -> 16.748 | V115: =ROUND(W115*C115,1) -> 1460.3 | W115: =RCF!F$26 -> 18.722 | X115: =ROUNDDOWN(Y115*C115,1) -> 1496 | Y115: =RCF!F$33 -> 19.17994 | Z115: =ROUNDDOWN(AA115*C115,1) -> 1436.4 | AA115: =RCF!F$39 -> 18.416 | AB115: =ROUNDDOWN(C115*AC115,1) -> 1946.5 | AC115: =RCF!F$35 -> 24.956 | AD115: =ROUND(AE115*C115,1) -> 1445.2 | AE115: =RCF!F$41 -> 18.52785
A116: 3947 | B116: C-reactive protein | C116: 7.23 | D116: =ROUND(E116*C116,1) -> 159.4 | E116: =AE116 -> 22.044275 | F116: =ROUND(G116*$C116,1) -> 149.7 | G116: =RCF!E$5 -> 20.711 | H116: =ROUNDDOWN(I116*C116,1) -> 108.6 | I116: =RCF!E$37 -> 15.026178 | J116: =ROUNDDOWN(C116*K116,1) -> 0 | K116: =RCF!E$7 -> 0 | L116: =ROUND(M116*$C116,1) -> 149.7 | M116: =RCF!E$9 -> 20.702 | N116: =ROUND(O116*$C116,1) -> 152.1 | O116: =RCF!E$11 -> 21.038 | P116: =ROUNDDOWN(Q116*C116,1) -> 0 | Q116: =RCF!E$64 -> 0 | R116: =ROUNDDOWN(C116*S116,1) -> 106.5 | S116: =RCF!E$13 -> 14.73822 | T116: =ROUND(U116*C116,1) -> 97.9 | U116: =RCF!E$22 -> 13.544503 | V116: =ROUND(W116*C116,1) -> 109.4 | W116: =RCF!E$26 -> 15.136126 | X116: =ROUNDDOWN(Y116*C116,1) -> 168.1 | Y116: =RCF!E$33 -> 23.261132 | Z116: =ROUNDDOWN(AA116*C116,1) -> 134 | AA116: =RCF!E$39 -> 18.539267 | AB116: =ROUNDDOWN(C116*AC116,1) -> 112.3 | AC116: =RCF!E$35 -> 15.534031 | AD116: =ROUND(AE116*C116,1) -> 159.4 | AE116: =RCF!E$41 -> 22.044275
A117: 3762 | B117: Haemoglobin estimation | C117: 1.2 | D117: =ROUND(E117*C117,1) -> 26.5 | E117: =AE117 -> 22.044275 | F117: =ROUND(G117*$C117,1) -> 24.9 | G117: =RCF!E$5 -> 20.711 | H117: =ROUNDDOWN(I117*C117,1) -> 18 | I117: =RCF!E$37 -> 15.026178 | J117: =ROUNDDOWN(C117*K117,1) -> 0 | K117: =RCF!E$7 -> 0 | L117: =ROUND(M117*$C117,1) -> 24.8 | M117: =RCF!E$9 -> 20.702 | N117: =ROUND(O117*$C117,1) -> 25.2 | O117: =RCF!E$11 -> 21.038 | P117: =ROUNDDOWN(Q117*C117,1) -> 0 | Q117: =RCF!E$64 -> 0 | R117: =ROUNDDOWN(C117*S117,1) -> 17.6 | S117: =RCF!E$13 -> 14.73822 | T117: =ROUND(U117*C117,1) -> 16.3 | U117: =RCF!E$22 -> 13.544503 | V117: =ROUND(W117*C117,1) -> 18.2 | W117: =RCF!E$26 -> 15.136126 | X117: =ROUNDDOWN(Y117*C117,1) -> 27.9 | Y117: =RCF!E$33 -> 23.261132 | Z117: =ROUNDDOWN(AA117*C117,1) -> 22.2 | AA117: =RCF!E$39 -> 18.539267 | AB117: =ROUNDDOWN(C117*AC117,1) -> 18.6 | AC117: =RCF!E$35 -> 15.534031 | AD117: =ROUND(AE117*C117,1) -> 26.5 | AE117: =RCF!E$41 -> 22.044275
A118: 4025 | B118: CHOL/HDL/LDL/TRIG | C118: 18.05 | D118: =ROUND(E118*C118,1) -> 397.9 | E118: =AE118 -> 22.044275 | F118: =ROUND(G118*$C118,1) -> 373.8 | G118: =RCF!E$5 -> 20.711 | H118: =ROUNDDOWN(I118*C118,1) -> 271.2 | I118: =RCF!E$37 -> 15.026178 | J118: =ROUNDDOWN(C118*K118,1) -> 0 | K118: =RCF!E$7 -> 0 | L118: =ROUND(M118*$C118,1) -> 373.7 | M118: =RCF!E$9 -> 20.702 | N118: =ROUND(O118*$C118,1) -> 379.7 | O118: =RCF!E$11 -> 21.038 | P118: =ROUNDDOWN(Q118*C118,1) -> 0 | Q118: =RCF!E$64 -> 0 | R118: =ROUNDDOWN(C118*S118,1) -> 266 | S118: =RCF!E$13 -> 14.73822 | T118: =ROUND(U118*C118,1) -> 244.5 | U118: =RCF!E$22 -> 13.544503 | V118: =ROUND(W118*C118,1) -> 273.2 | W118: =RCF!E$26 -> 15.136126 | X118: =ROUNDDOWN(Y118*C118,1) -> 419.8 | Y118: =RCF!E$33 -> 23.261132 | Z118: =ROUNDDOWN(AA118*C118,1) -> 334.6 | AA118: =RCF!E$39 -> 18.539267 | AB118: =ROUNDDOWN(C118*AC118,1) -> 280.3 | AC118: =RCF!E$35 -> 15.534031 | AD118: =ROUND(AE118*C118,1) -> 397.9 | AE118: =RCF!E$41 -> 22.044275
A119: 4027 | B119: Cholesterol Total | C119: 3.56 | D119: =ROUND(E119*C119,1) -> 78.5 | E119: =AE119 -> 22.044275 | F119: =ROUND(G119*$C119,1) -> 73.7 | G119: =RCF!E$5 -> 20.711 | H119: =ROUNDDOWN(I119*C119,1) -> 53.4 | I119: =RCF!E$37 -> 15.026178 | J119: =ROUNDDOWN(C119*K119,1) -> 0 | K119: =RCF!E$7 -> 0 | L119: =ROUND(M119*$C119,1) -> 73.7 | M119: =RCF!E$9 -> 20.702 | N119: =ROUND(O119*$C119,1) -> 74.9 | O119: =RCF!E$11 -> 21.038 | P119: =ROUNDDOWN(Q119*C119,1) -> 0 | Q119: =RCF!E$64 -> 0 | R119: =ROUNDDOWN(C119*S119,1) -> 52.4 | S119: =RCF!E$13 -> 14.73822 | T119: =ROUND(U119*C119,1) -> 48.2 | U119: =RCF!E$22 -> 13.544503 | V119: =ROUND(W119*C119,1) -> 53.9 | W119: =RCF!E$26 -> 15.136126 | X119: =ROUNDDOWN(Y119*C119,1) -> 82.8 | Y119: =RCF!E$33 -> 23.261132 | Z119: =ROUNDDOWN(AA119*C119,1) -> 65.9 | AA119: =RCF!E$39 -> 18.539267 | AB119: =ROUNDDOWN(C119*AC119,1) -> 55.3 | AC119: =RCF!E$35 -> 15.534031 | AD119: =ROUND(AE119*C119,1) -> 78.5 | AE119: =RCF!E$41 -> 22.044275
A120: 4050 | B120: Glucose strip-test with photometric reading | C120: 1.2 | D120: =ROUND(E120*C120,1) -> 26.5 | E120: =AE120 -> 22.044275 | F120: =ROUND(G120*$C120,1) -> 24.9 | G120: =RCF!E$5 -> 20.711 | H120: =ROUNDDOWN(I120*C120,1) -> 18 | I120: =RCF!E$37 -> 15.026178 | J120: =ROUNDDOWN(C120*K120,1) -> 0 | K120: =RCF!E$7 -> 0 | L120: =ROUND(M120*$C120,1) -> 24.8 | M120: =RCF!E$9 -> 20.702 | N120: =ROUND(O120*$C120,1) -> 25.2 | O120: =RCF!E$11 -> 21.038 | P120: =ROUNDDOWN(Q120*C120,1) -> 0 | Q120: =RCF!E$64 -> 0 | R120: =ROUNDDOWN(C120*S120,1) -> 17.6 | S120: =RCF!E$13 -> 14.73822 | T120: =ROUND(U120*C120,1) -> 16.3 | U120: =RCF!E$22 -> 13.544503 | V120: =ROUND(W120*C120,1) -> 18.2 | W120: =RCF!E$26 -> 15.136126 | X120: =ROUNDDOWN(Y120*C120,1) -> 27.9 | Y120: =RCF!E$33 -> 23.261132 | Z120: =ROUNDDOWN(AA120*C120,1) -> 22.2 | AA120: =RCF!E$39 -> 18.539267 | AB120: =ROUNDDOWN(C120*AC120,1) -> 18.6 | AC120: =RCF!E$35 -> 15.534031 | AD120: =ROUND(AE120*C120,1) -> 26.5 | AE120: =RCF!E$41 -> 22.044275
A121: 4053 | B121: Glucose tolerance test (4 specimens) | C121: 11.58 | D121: =ROUND(E121*C121,1) -> 255.3 | E121: =AE121 -> 22.044275 | F121: =ROUND(G121*$C121,1) -> 239.8 | G121: =RCF!E$5 -> 20.711 | H121: =ROUNDDOWN(I121*C121,1) -> 174 | I121: =RCF!E$37 -> 15.026178 | J121: =ROUNDDOWN(C121*K121,1) -> 0 | K121: =RCF!E$7 -> 0 | L121: =ROUND(M121*$C121,1) -> 239.7 | M121: =RCF!E$9 -> 20.702 | N121: =ROUND(O121*$C121,1) -> 243.6 | O121: =RCF!E$11 -> 21.038 | P121: =ROUNDDOWN(Q121*C121,1) -> 0 | Q121: =RCF!E$64 -> 0 | R121: =ROUNDDOWN(C121*S121,1) -> 170.6 | S121: =RCF!E$13 -> 14.73822 | T121: =ROUND(U121*C121,1) -> 156.8 | U121: =RCF!E$22 -> 13.544503 | V121: =ROUND(W121*C121,1) -> 175.3 | W121: =RCF!E$26 -> 15.136126 | X121: =ROUNDDOWN(Y121*C121,1) -> 269.3 | Y121: =RCF!E$33 -> 23.261132 | Z121: =ROUNDDOWN(AA121*C121,1) -> 214.6 | AA121: =RCF!E$39 -> 18.539267 | AB121: =ROUNDDOWN(C121*AC121,1) -> 179.8 | AC121: =RCF!E$35 -> 15.534031 | AD121: =ROUND(AE121*C121,1) -> 255.3 | AE121: =RCF!E$41 -> 22.044275
A122: 4057 | B122: Glucose: Quantitative | C122: 2.41 | D122: =ROUND(E122*C122,1) -> 53.1 | E122: =AE122 -> 22.044275 | F122: =ROUND(G122*$C122,1) -> 49.9 | G122: =RCF!E$5 -> 20.711 | H122: =ROUNDDOWN(I122*C122,1) -> 36.2 | I122: =RCF!E$37 -> 15.026178 | J122: =ROUNDDOWN(C122*K122,1) -> 0 | K122: =RCF!E$7 -> 0 | L122: =ROUND(M122*$C122,1) -> 49.9 | M122: =RCF!E$9 -> 20.702 | N122: =ROUND(O122*$C122,1) -> 50.7 | O122: =RCF!E$11 -> 21.038 | P122: =ROUNDDOWN(Q122*C122,1) -> 0 | Q122: =RCF!E$64 -> 0 | R122: =ROUNDDOWN(C122*S122,1) -> 35.5 | S122: =RCF!E$13 -> 14.73822 | T122: =ROUND(U122*C122,1) -> 32.6 | U122: =RCF!E$22 -> 13.544503 | V122: =ROUND(W122*C122,1) -> 36.5 | W122: =RCF!E$26 -> 15.136126 | X122: =ROUNDDOWN(Y122*C122,1) -> 56 | Y122: =RCF!E$33 -> 23.261132 | Z122: =ROUNDDOWN(AA122*C122,1) -> 44.6 | AA122: =RCF!E$39 -> 18.539267 | AB122: =ROUNDDOWN(C122*AC122,1) -> 37.4 | AC122: =RCF!E$35 -> 15.534031 | AD122: =ROUND(AE122*C122,1) -> 53.1 | AE122: =RCF!E$41 -> 22.044275
A123: 4064 | B123: Glycated haemoglobin: Chromatography/HbA1C | C123: 9.5 | D123: =ROUND(E123*C123,1) -> 209.4 | E123: =AE123 -> 22.044275 | F123: =ROUND(G123*$C123,1) -> 196.8 | G123: =RCF!E$5 -> 20.711 | H123: =ROUNDDOWN(I123*C123,1) -> 142.7 | I123: =RCF!E$37 -> 15.026178 | J123: =ROUNDDOWN(C123*K123,1) -> 0 | K123: =RCF!E$7 -> 0 | L123: =ROUND(M123*$C123,1) -> 196.7 | M123: =RCF!E$9 -> 20.702 | N123: =ROUND(O123*$C123,1) -> 199.9 | O123: =RCF!E$11 -> 21.038 | P123: =ROUNDDOWN(Q123*C123,1) -> 0 | Q123: =RCF!E$64 -> 0 | R123: =ROUNDDOWN(C123*S123,1) -> 140 | S123: =RCF!E$13 -> 14.73822 | T123: =ROUND(U123*C123,1) -> 128.7 | U123: =RCF!E$22 -> 13.544503 | V123: =ROUND(W123*C123,1) -> 143.8 | W123: =RCF!E$26 -> 15.136126 | X123: =ROUNDDOWN(Y123*C123,1) -> 220.9 | Y123: =RCF!E$33 -> 23.261132 | Z123: =ROUNDDOWN(AA123*C123,1) -> 176.1 | AA123: =RCF!E$39 -> 18.539267 | AB123: =ROUNDDOWN(C123*AC123,1) -> 147.5 | AC123: =RCF!E$35 -> 15.534031 | AD123: =ROUND(AE123*C123,1) -> 209.4 | AE123: =RCF!E$41 -> 22.044275
A124: 4188 | B124: Urine dipstick, per stick (irrespective of the number of tests on stick) | C124: 1 | D124: =ROUND(E124*C124,1) -> 22 | E124: =AE124 -> 22.044275 | F124: =ROUND(G124*$C124,1) -> 20.7 | G124: =RCF!E$5 -> 20.711 | H124: =ROUNDDOWN(I124*C124,1) -> 15 | I124: =RCF!E$37 -> 15.026178 | J124: =ROUNDDOWN(C124*K124,1) -> 0 | K124: =RCF!E$7 -> 0 | L124: =ROUND(M124*$C124,1) -> 20.7 | M124: =RCF!E$9 -> 20.702 | N124: =ROUND(O124*$C124,1) -> 21 | O124: =RCF!E$11 -> 21.038 | P124: =ROUNDDOWN(Q124*C124,1) -> 0 | Q124: =RCF!E$64 -> 0 | R124: =ROUNDDOWN(C124*S124,1) -> 14.7 | S124: =RCF!E$13 -> 14.73822 | T124: =ROUND(U124*C124,1) -> 13.5 | U124: =RCF!E$22 -> 13.544503 | V124: =ROUND(W124*C124,1) -> 15.1 | W124: =RCF!E$26 -> 15.136126 | X124: =ROUNDDOWN(Y124*C124,1) -> 23.2 | Y124: =RCF!E$33 -> 23.261132 | Z124: =ROUNDDOWN(AA124*C124,1) -> 18.5 | AA124: =RCF!E$39 -> 18.539267 | AB124: =ROUNDDOWN(C124*AC124,1) -> 15.5 | AC124: =RCF!E$35 -> 15.534031 | AD124: =ROUND(AE124*C124,1) -> 22 | AE124: =RCF!E$41 -> 22.044275
A125: 4213 | B125: Protein: Quantitative | C125: 1.5 | D125: =ROUND(E125*C125,1) -> 33.1 | E125: =AE125 -> 22.044275 | F125: =ROUND(G125*$C125,1) -> 31.1 | G125: =RCF!E$5 -> 20.711 | H125: =ROUNDDOWN(I125*C125,1) -> 22.5 | I125: =RCF!E$37 -> 15.026178 | J125: =ROUNDDOWN(C125*K125,1) -> 0 | K125: =RCF!E$7 -> 0 | L125: =ROUND(M125*$C125,1) -> 31.1 | M125: =RCF!E$9 -> 20.702 | N125: =ROUND(O125*$C125,1) -> 31.6 | O125: =RCF!E$11 -> 21.038 | P125: =ROUNDDOWN(Q125*C125,1) -> 0 | Q125: =RCF!E$64 -> 0 | R125: =ROUNDDOWN(C125*S125,1) -> 22.1 | S125: =RCF!E$13 -> 14.73822 | T125: =ROUND(U125*C125,1) -> 20.3 | U125: =RCF!E$22 -> 13.544503 | V125: =ROUND(W125*C125,1) -> 22.7 | W125: =RCF!E$26 -> 15.136126 | X125: =ROUNDDOWN(Y125*C125,1) -> 34.8 | Y125: =RCF!E$33 -> 23.261132 | Z125: =ROUNDDOWN(AA125*C125,1) -> 27.8 | AA125: =RCF!E$39 -> 18.539267 | AB125: =ROUNDDOWN(C125*AC125,1) -> 23.3 | AC125: =RCF!E$35 -> 15.534031 | AD125: =ROUND(AE125*C125,1) -> 33.1 | AE125: =RCF!E$41 -> 22.044275
A126: 4448 | B126: HCG: Latex agglutination: Qualitative (side room) | C126: 2.67 | D126: =ROUND(E126*C126,1) -> 58.9 | E126: =AE126 -> 22.044275 | F126: =ROUND(G126*$C126,1) -> 55.3 | G126: =RCF!E$5 -> 20.711 | H126: =ROUNDDOWN(I126*C126,1) -> 40.1 | I126: =RCF!E$37 -> 15.026178 | J126: =ROUNDDOWN(C126*K126,1) -> 0 | K126: =RCF!E$7 -> 0 | L126: =ROUND(M126*$C126,1) -> 55.3 | M126: =RCF!E$9 -> 20.702 | N126: =ROUND(O126*$C126,1) -> 56.2 | O126: =RCF!E$11 -> 21.038 | P126: =ROUNDDOWN(Q126*C126,1) -> 0 | Q126: =RCF!E$64 -> 0 | R126: =ROUNDDOWN(C126*S126,1) -> 39.3 | S126: =RCF!E$13 -> 14.73822 | T126: =ROUND(U126*C126,1) -> 36.2 | U126: =RCF!E$22 -> 13.544503 | V126: =ROUND(W126*C126,1) -> 40.4 | W126: =RCF!E$26 -> 15.136126 | X126: =ROUNDDOWN(Y126*C126,1) -> 62.1 | Y126: =RCF!E$33 -> 23.261132 | Z126: =ROUNDDOWN(AA126*C126,1) -> 49.4 | AA126: =RCF!E$39 -> 18.539267 | AB126: =ROUNDDOWN(C126*AC126,1) -> 41.4 | AC126: =RCF!E$35 -> 15.534031 | AD126: =ROUND(AE126*C126,1) -> 58.9 | AE126: =RCF!E$41 -> 22.044275
A127: 4451 | B127: HCG: Monoclonal immunological: Quantitative | C127: 8.27 | D127: =ROUND(E127*C127,1) -> 182.3 | E127: =AE127 -> 22.044275 | F127: =ROUND(G127*$C127,1) -> 171.3 | G127: =RCF!E$5 -> 20.711 | H127: =ROUNDDOWN(I127*C127,1) -> 124.2 | I127: =RCF!E$37 -> 15.026178 | J127: =ROUNDDOWN(C127*K127,1) -> 0 | K127: =RCF!E$7 -> 0 | L127: =ROUND(M127*$C127,1) -> 171.2 | M127: =RCF!E$9 -> 20.702 | N127: =ROUND(O127*$C127,1) -> 174 | O127: =RCF!E$11 -> 21.038 | P127: =ROUNDDOWN(Q127*C127,1) -> 0 | Q127: =RCF!E$64 -> 0 | R127: =ROUNDDOWN(C127*S127,1) -> 121.8 | S127: =RCF!E$13 -> 14.73822 | T127: =ROUND(U127*C127,1) -> 112 | U127: =RCF!E$22 -> 13.544503 | V127: =ROUND(W127*C127,1) -> 125.2 | W127: =RCF!E$26 -> 15.136126 | X127: =ROUNDDOWN(Y127*C127,1) -> 192.3 | Y127: =RCF!E$33 -> 23.261132 | Z127: =ROUNDDOWN(AA127*C127,1) -> 153.3 | AA127: =RCF!E$39 -> 18.539267 | AB127: =ROUNDDOWN(C127*AC127,1) -> 128.4 | AC127: =RCF!E$35 -> 15.534031 | AD127: =ROUND(AE127*C127,1) -> 182.3 | AE127: =RCF!E$41 -> 22.044275
A128: 4561 | B128: Sputum, all body fluids and tumour aspirates: first unit | C128: 8.9 | D128: =ROUND(E128*C128,1) -> 230.6 | E128: =AE128 -> 25.914955 | F128: =ROUND(G128*$C128,1) -> 212.5 | G128: =RCF!H$5 -> 23.88 | H128: =ROUNDDOWN(I128*C128,1) -> 151.8 | I128: =RCF!H$37 -> 17.067164 | J128: =ROUNDDOWN(C128*K128,1) -> 0 | K128: =RCF!J$7 -> 0 | L128: =ROUND(M128*$C128,1) -> 212.5 | M128: =RCF!H$9 -> 23.874 | N128: =ROUND(O128*$C128,1) -> 215.9 | O128: =RCF!H$11 -> 24.263 | P128: =ROUNDDOWN(Q128*C128,1) -> 0 | Q128: =RCF!H$64 -> 0 | R128: =ROUNDDOWN(C128*S128,1) -> 150.8 | S128: =RCF!H$13 -> 16.947761 | T128: =ROUND(U128*C128,1) -> 208.7 | U128: =RCF!H$22 -> 23.449438 | V128: =ROUND(W128*C128,1) -> 233.4 | W128: =RCF!H$26 -> 26.224719 | X128: =ROUNDDOWN(Y128*C128,1) -> 238.7 | Y128: =RCF!H$33 -> 26.82698 | Z128: =ROUNDDOWN(AA128*C128,1) -> 190.2 | AA128: =RCF!H$39 -> 21.373134 | AB128: =ROUNDDOWN(C128*AC128,1) -> 158.8 | AC128: =RCF!H$35 -> 17.843284 | AD128: =ROUND(AE128*C128,1) -> 230.6 | AE128: =RCF!H$41 -> 25.914955
A129: 4563 | B129: Sputum, all body fluids and tumour aspirates: each additional unit | C129: 5.2 | D129: =ROUND(E129*C129,1) -> 134.8 | E129: =AE129 -> 25.914955 | F129: =ROUND(G129*$C129,1) -> 124.2 | G129: =RCF!H$5 -> 23.88 | H129: =ROUNDDOWN(I129*C129,1) -> 88.7 | I129: =RCF!H$37 -> 17.067164 | J129: =ROUNDDOWN(C129*K129,1) -> 0 | K129: =RCF!J$7 -> 0 | L129: =ROUND(M129*$C129,1) -> 124.1 | M129: =RCF!H$9 -> 23.874 | N129: =ROUND(O129*$C129,1) -> 126.2 | O129: =RCF!H$11 -> 24.263 | P129: =ROUNDDOWN(Q129*C129,1) -> 0 | Q129: =RCF!H$64 -> 0 | R129: =ROUNDDOWN(C129*S129,1) -> 88.1 | S129: =RCF!H$13 -> 16.947761 | T129: =ROUND(U129*C129,1) -> 121.9 | U129: =RCF!H$22 -> 23.449438 | V129: =ROUND(W129*C129,1) -> 136.4 | W129: =RCF!H$26 -> 26.224719 | X129: =ROUNDDOWN(Y129*C129,1) -> 139.5 | Y129: =RCF!H$33 -> 26.82698 | Z129: =ROUNDDOWN(AA129*C129,1) -> 111.1 | AA129: =RCF!H$39 -> 21.373134 | AB129: =ROUNDDOWN(C129*AC129,1) -> 92.7 | AC129: =RCF!H$35 -> 17.843284 | AD129: =ROUND(AE129*C129,1) -> 134.8 | AE129: =RCF!H$41 -> 25.914955
A130: 5007 | B130: Travelling: Normal hours: General practitioner: 18,00 clinical procedure units per hour or part thereof (Refer to Rule P of SAMA eMDCM) | C130: 18 | D130: =ROUND(E130*C130,1) -> 1064.2 | E130: =RCF!$C$47 -> 59.121482 | F130: =ROUND(G130*$C130,1) -> 334.1 | G130: =RCF!C5 -> 18.56 | H130: =ROUNDDOWN(I130*C130,1) -> 350.7 | I130: =RCF!C$37 -> 19.486667 | J130: =ROUNDDOWN(C130*K130,1) -> 347.4 | K130: =RCF!C$7 -> 19.303333 | L130: =ROUND(M130*$C130,1) -> 331.6 | M130: =RCF!C$9 -> 18.423 | N130: =ROUND(O130*$C130,1) -> 337 | O130: =RCF!C$11 -> 18.722 | P130: =ROUNDDOWN(Q130*C130,1) -> 356.8 | Q130: =RCF!C$64 -> 19.826667 | R130: =ROUNDDOWN(C130*S130,1) -> 344.4 | S130: =RCF!C$13 -> 19.133333 | T130: =ROUND(U130*C130,1) -> 316.3 | U130: =RCF!C$22 -> 17.57 | V130: =ROUND(W130*C130,1) -> 353.5 | W130: =RCF!C$26 -> 19.636667 | X130: =ROUNDDOWN(Y130*C130,1) -> 362.1 | Y130: =RCF!C$33 -> 20.121274 | Z130: =ROUNDDOWN(AA130*C130,1) -> 341 | AA130: =RCF!C$39 -> 18.946667 | AB130: =ROUNDDOWN(C130*AC130,1) -> 471.4 | AC130: =RCF!C$35 -> 26.19 | AD130: =ROUND(AE130*C130,1) -> 343.2 | AE130: =RCF!C$41 -> 19.068115
A131: 5100 | B131: Pelvic organs ultrasound: Transvaginal or trans rectal probe | C131: 50 | D131: =ROUND(E131*C131,1) -> 926.4 | E131: =AE131 -> 18.52785 | F131: =ROUND(G131*$C131,1) -> 906 | G131: =RCF!F$5 -> 18.12 | H131: =ROUNDDOWN(I131*C131,1) -> 929 | I131: =RCF!F$37 -> 18.58 | J131: =ROUNDDOWN(C131*K131,1) -> 920.1 | K131: =RCF!F$7 -> 18.402 | L131: =ROUND(M131*$C131,1) -> 878.2 | M131: =RCF!F$9 -> 17.563 | N131: =ROUND(O131*$C131,1) -> 67 | O131: =RCF!F$11 -> 1.3409722 | P131: =ROUNDDOWN(Q131*C131,1) -> 944.8 | Q131: =RCF!F$64 -> 18.896 | R131: =ROUNDDOWN(C131*S131,1) -> 911.8 | S131: =RCF!F$13 -> 18.236 | T131: =ROUND(U131*C131,1) -> 837.4 | U131: =RCF!F$22 -> 16.748 | V131: =ROUND(W131*C131,1) -> 936.1 | W131: =RCF!F$26 -> 18.722 | X131: =ROUNDDOWN(Y131*C131,1) -> 958.9 | Y131: =RCF!F$33 -> 19.17994 | Z131: =ROUNDDOWN(AA131*C131,1) -> 920.8 | AA131: =RCF!F$39 -> 18.416 | AB131: =ROUNDDOWN(C131*AC131,1) -> 1247.8 | AC131: =RCF!F$35 -> 24.956 | AD131: =ROUND(AE131*C131,1) -> 926.4 | AE131: =RCF!F$41 -> 18.52785
A132: 5102 | B132: Ultrasound of joints (e.g. shoulder, hip, knee), per joint | C132: 50 | D132: =ROUND(E132*C132,1) -> 926.4 | E132: =AE132 -> 18.52785 | F132: =ROUND(G132*$C132,1) -> 906 | G132: =RCF!F$5 -> 18.12 | H132: =ROUNDDOWN(I132*C132,1) -> 929 | I132: =RCF!F$37 -> 18.58 | J132: =ROUNDDOWN(C132*K132,1) -> 920.1 | K132: =RCF!F$7 -> 18.402 | L132: =ROUND(M132*$C132,1) -> 878.2 | M132: =RCF!F$9 -> 17.563 | N132: =ROUND(O132*$C132,1) -> 67 | O132: =RCF!F$11 -> 1.3409722 | P132: =ROUNDDOWN(Q132*C132,1) -> 944.8 | Q132: =RCF!F$64 -> 18.896 | R132: =ROUNDDOWN(C132*S132,1) -> 911.8 | S132: =RCF!F$13 -> 18.236 | T132: =ROUND(U132*C132,1) -> 837.4 | U132: =RCF!F$22 -> 16.748 | V132: =ROUND(W132*C132,1) -> 936.1 | W132: =RCF!F$26 -> 18.722 | X132: =ROUNDDOWN(Y132*C132,1) -> 958.9 | Y132: =RCF!F$33 -> 19.17994 | Z132: =ROUNDDOWN(AA132*C132,1) -> 920.8 | AA132: =RCF!F$39 -> 18.416 | AB132: =ROUNDDOWN(C132*AC132,1) -> 1247.8 | AC132: =RCF!F$35 -> 24.956 | AD132: =ROUND(AE132*C132,1) -> 926.4 | AE132: =RCF!F$41 -> 18.52785
A133: 5103 | B133: Ultrasound soft tissue any region | C133: 50 | D133: =ROUND(E133*C133,1) -> 926.4 | E133: =AE133 -> 18.52785 | F133: =ROUND(G133*$C133,1) -> 906 | G133: =RCF!F$5 -> 18.12 | H133: =ROUNDDOWN(I133*C133,1) -> 929 | I133: =RCF!F$37 -> 18.58 | J133: =ROUNDDOWN(C133*K133,1) -> 920.1 | K133: =RCF!F$7 -> 18.402 | L133: =ROUND(M133*$C133,1) -> 878.2 | M133: =RCF!F$9 -> 17.563 | N133: =ROUND(O133*$C133,1) -> 67 | O133: =RCF!F$11 -> 1.3409722 | P133: =ROUNDDOWN(Q133*C133,1) -> 944.8 | Q133: =RCF!F$64 -> 18.896 | R133: =ROUNDDOWN(C133*S133,1) -> 911.8 | S133: =RCF!F$13 -> 18.236 | T133: =ROUND(U133*C133,1) -> 837.4 | U133: =RCF!F$22 -> 16.748 | V133: =ROUND(W133*C133,1) -> 936.1 | W133: =RCF!F$26 -> 18.722 | X133: =ROUNDDOWN(Y133*C133,1) -> 958.9 | Y133: =RCF!F$33 -> 19.17994 | Z133: =ROUNDDOWN(AA133*C133,1) -> 920.8 | AA133: =RCF!F$39 -> 18.416 | AB133: =ROUNDDOWN(C133*AC133,1) -> 1247.8 | AC133: =RCF!F$35 -> 24.956 | AD133: =ROUND(AE133*C133,1) -> 926.4 | AE133: =RCF!F$41 -> 18.52785
A134: 7000 | B134: HIV pre-test counselling | C134: 15 | D134: =ROUND(E134*C134,1) -> 886.8 | E134: =RCF!$C$47 -> 59.121482 | F134: =ROUND(G134*$C134,1) -> 278.4 | G134: =RCF!C$5 -> 18.56 | H134: =ROUNDDOWN(I134*C134,1) -> 292.3 | I134: =RCF!C$37 -> 19.486667 | J134: =ROUNDDOWN(C134*K134,1) -> 292.3 | K134: =RCF!C$37 -> 19.486667 | L134: =ROUND(M134*$C134,1) -> 276.3 | M134: =RCF!C$9 -> 18.423 | N134: =ROUND(O134*$C134,1) -> 280.8 | O134: =RCF!C$11 -> 18.722 | P134: =ROUNDDOWN(Q134*C134,1) -> 297.4 | Q134: =RCF!C$64 -> 19.826667 | R134: =ROUNDDOWN(C134*S134,1) -> 287 | S134: =RCF!C$13 -> 19.133333 | T134: =ROUND(U134*C134,1) -> 263.6 | U134: =RCF!C$22 -> 17.57 | V134: =ROUND(W134*C134,1) -> 294.6 | W134: =RCF!C$26 -> 19.636667 | X134: =ROUNDDOWN(Y134*C134,1) -> 301.8 | Y134: =RCF!C$33 -> 20.121274 | Z134: =ROUNDDOWN(AA134*C134,1) -> 284.2 | AA134: =RCF!C$39 -> 18.946667 | AB134: =ROUNDDOWN(C134*AC134,1) -> 392.8 | AC134: =RCF!C$35 -> 26.19 | AD134: =ROUND(AE134*C134,1) -> 286 | AE134: =RCF!C$41 -> 19.068115
A135: 7010 | B135: HIV post-test counselling | C135: 30 | D135: =ROUND(E135*C135,1) -> 1773.6 | E135: =RCF!$C$47 -> 59.121482 | F135: =ROUND(G135*$C135,1) -> 556.8 | G135: =RCF!C$5 -> 18.56 | H135: =ROUNDDOWN(I135*C135,1) -> 584.6 | I135: =RCF!C$37 -> 19.486667 | J135: =ROUNDDOWN(C135*K135,1) -> 584.6 | K135: =RCF!C$37 -> 19.486667 | L135: =ROUND(M135*$C135,1) -> 552.7 | M135: =RCF!C$9 -> 18.423 | N135: =ROUND(O135*$C135,1) -> 561.7 | O135: =RCF!C$11 -> 18.722 | P135: =ROUNDDOWN(Q135*C135,1) -> 594.8 | Q135: =RCF!C$64 -> 19.826667 | R135: =ROUNDDOWN(C135*S135,1) -> 574 | S135: =RCF!C$13 -> 19.133333 | T135: =ROUND(U135*C135,1) -> 527.1 | U135: =RCF!C$22 -> 17.57 | V135: =ROUND(W135*C135,1) -> 589.1 | W135: =RCF!C$26 -> 19.636667 | X135: =ROUNDDOWN(Y135*C135,1) -> 603.6 | Y135: =RCF!C$33 -> 20.121274 | Z135: =ROUNDDOWN(AA135*C135,1) -> 568.4 | AA135: =RCF!C$39 -> 18.946667 | AB135: =ROUNDDOWN(C135*AC135,1) -> 785.7 | AC135: =RCF!C$35 -> 26.19 | AD135: =ROUND(AE135*C135,1) -> 572 | AE135: =RCF!C$41 -> 19.068115
A136: 7061 | B136: Emergency department visit for the evaluation and management of a patient, which requires these 3 key components: (a) expanded problem focused history (b) expanded problem focused examination (c) medical decision making of low complexity. Counselling and/or co-ordination of care with other providers or agencies are provided consistent with the nature of the problem(s) and the patient's and/or family's needs. Usually, the presenting problem(s) are of low or moderate severity | C136: 11.9 | D136: =ROUND(E136*C136,1) -> 703.5 | E136: =RCF!$C$47 -> 59.121482 | F136: =ROUND(G136*$C136,1) -> 220.9 | G136: =RCF!C$5 -> 18.56 | H136: =ROUNDDOWN(I136*C136,1) -> 231.8 | I136: =RCF!C$37 -> 19.486667 | J136: =ROUNDDOWN(C136*K136,1) -> 231.8 | K136: =RCF!C$37 -> 19.486667 | L136: =ROUND(M136*$C136,1) -> 219.2 | M136: =RCF!C$9 -> 18.423 | N136: =ROUND(O136*$C136,1) -> 222.8 | O136: =RCF!C$11 -> 18.722 | P136: =ROUNDDOWN(Q136*C136,1) -> 235.9 | Q136: =RCF!C$64 -> 19.826667 | R136: =ROUNDDOWN(C136*S136,1) -> 227.6 | S136: =RCF!C$13 -> 19.133333 | T136: =ROUND(U136*C136,1) -> 209.1 | U136: =RCF!C$22 -> 17.57 | V136: =ROUND(W136*C136,1) -> 233.7 | W136: =RCF!C$26 -> 19.636667 | X136: =ROUNDDOWN(Y136*C136,1) -> 239.4 | Y136: =RCF!C$33 -> 20.121274 | Z136: =ROUNDDOWN(AA136*C136,1) -> 225.4 | AA136: =RCF!C$39 -> 18.946667 | AB136: =ROUNDDOWN(C136*AC136,1) -> 311.6 | AC136: =RCF!C$35 -> 26.19 | AD136: =ROUND(AE136*C136,1) -> 226.9 | AE136: =RCF!C$41 -> 19.068115
A137: 7062 | B137: Emergency department visit for the evaluation and management of a patient, which requires these 3 key components: (a) expanded problem focused history (b) expanded problem focused examination (c) medical decision making of moderate complexity. Counselling and/or co-ordination of care with other providers or agencies are provided consistent with the nature of the problem(s) and the patient's and/or family's needs. Usually, the presenting problem(s) are of moderate severity | C137: 18 | D137: =ROUND(E137*C137,1) -> 1064.2 | E137: =RCF!$C$47 -> 59.121482 | F137: =ROUND(G137*$C137,1) -> 334.1 | G137: =RCF!C$5 -> 18.56 | H137: =ROUNDDOWN(I137*C137,1) -> 350.7 | I137: =RCF!C$37 -> 19.486667 | J137: =ROUNDDOWN(C137*K137,1) -> 350.7 | K137: =RCF!C$37 -> 19.486667 | L137: =ROUND(M137*$C137,1) -> 331.6 | M137: =RCF!C$9 -> 18.423 | N137: =ROUND(O137*$C137,1) -> 337 | O137: =RCF!C$11 -> 18.722 | P137: =ROUNDDOWN(Q137*C137,1) -> 356.8 | Q137: =RCF!C$64 -> 19.826667 | R137: =ROUNDDOWN(C137*S137,1) -> 344.4 | S137: =RCF!C$13 -> 19.133333 | T137: =ROUND(U137*C137,1) -> 316.3 | U137: =RCF!C$22 -> 17.57 | V137: =ROUND(W137*C137,1) -> 353.5 | W137: =RCF!C$26 -> 19.636667 | X137: =ROUNDDOWN(Y137*C137,1) -> 362.1 | Y137: =RCF!C$33 -> 20.121274 | Z137: =ROUNDDOWN(AA137*C137,1) -> 341 | AA137: =RCF!C$39 -> 18.946667 | AB137: =ROUNDDOWN(C137*AC137,1) -> 471.4 | AC137: =RCF!C$35 -> 26.19 | AD137: =ROUND(AE137*C137,1) -> 343.2 | AE137: =RCF!C$41 -> 19.068115
...

Sheet RCF
A1: Code/Scheme | C1: 1204 | D1: 3604 | E1: 4076 | F1: 3620 | G1: 0017 | H1: 4561 | I1: Conults | J1: GP Consults | K1: 2614 (New) | L1: 2615 (New) | M1: MPS (Obs Potrion) | N1: Ave Deliveies p/a | O1: Schem Units 2614 | P1: Schem Units 2615 | Q1: SAMA Units 2614 | R1: SAMA Units 2615 | S1: Unique ICU RCF
A2: Units --> | C2: 30 | D2: 77 | E2: 19.1 | F2: 50 | G2: 7.5 | H2: 8.9 (GP) /13.4 (S)
C3: Clin. Pro | D3: Radiology | E3: Clin. Path | F3: Ultra | H3: Anat. Cy
A4: Bankmed | B4: 2025 | C4: 18.315 | D4: 25.947 | E4: 20.088 | F4: 17.457 | H4: 23.162
A5: Bankmed | B5: 2026 | C5: =556.8/C2 -> 18.56 | D5: 26.933 | E5: 20.711 | F5: 18.12 | H5: 23.88
A6: Bonitas - Network | B6: 2025 | C6: 18.56 | D6: 26.293506 | F6: 17.694 | G6: 29.986667
A7: Bonitas - Network | B7: 2026 | C7: =579.1/C2 -> 19.303333 | D7: =2105.6/D2 -> 27.345455 | F7: =920.1/F2 -> 18.402 | G7: =233.9/G2 -> 31.186667
A8: Discovery | B8: 2025 | C8: 17.749 | D8: 25.145 | E8: 19.944 | F8: 16.92 | H8: 23
A9: Discovery | B9: 2026 | C9: 18.423 | D9: 26.101 | E9: 20.702 | F9: 17.563 | G9: =223.3/G2 -> 29.773333 | H9: 23.874
A10: Discovery - GP Network | B10: 2025 | C10: 18.002 | D10: 25.501 | E10: 20.229 | F10: 17.164 | H10: 23.33
A11: Discovery - GP Network | B11: 2026 | C11: 18.722 | D11: 26.101 | E11: 21.038 | F11: 1.3409722 | H11: 24.263
A12: FedHealth - Network | B12: 2025 | C12: 18.556667 | D12: 26.290909 | F12: 17.688 | G12: 29.973333 | H12: 24.752809
A13: FedHealth - Network | B13: 2026 | C13: =574/C2 -> 19.133333 | D13: =2087.2/D2 -> 27.106494 | E13: =281.5/E2 -> 14.73822 | F13: =911.8/F2 -> 18.236 | G13: =231.8/G2 -> 30.906667 | H13: =227.1/13.4 -> 16.947761
A14: GEMS (non) - GP | B14: 2025 | C14: 17.083333 | D14: 24.207792 | E14: 13.167539 | F14: 16.284 | G14: 27.626667 | H14: 22.797753
A15: GEMS (non) - Paeds | B15: 2025 | C15: 17.57 | D15: 24.888312 | E15: 20.303665 | F15: 16.748 | G15: 28.386667 | H15: 23.5
A16: GEMS (non) - Gyn | B16: 2025 | C16: 17.57 | D16: 24.888312 | E16: 20.303665 | F16: 16.748 | G16: 28.386667 | H16: 23.5
A17: GEMS (non) - Physician Fraternity - 17, 18, 19, 20, 21, 31 - Surgical Fraternity - 24, 26, 28, 30, 36, 42, 44, 46, 114 | B17: 2025 | C17: 18.376667 | D17: 26.024675 | E17: 21.240838 | F17: 17.516 | G17: 29.706667 | H17: 22.977612 | K17: 0 | L17: 0 | M17: 0 | N17: 0 | O17: 0 | P17: 0 | Q17: 0 | R17: 0 | S17: 0
A18: GEMS (Con) - GP | B18: 2025 | C18: 19.046667 | D18: 26.980519 | E18: 14.680628 | F18: 18.168 | G18: 30.746667 | H18: 25.438202
A19: GEMS (Con) - Paeds | B19: 2025 | C19: 24.326667 | D19: 34.487013 | E19: 28.136126 | F19: 23.202 | G19: 39.373333 | H19: 32.455224
A20: GEMS (Con) - Gyn | B20: 2025 | C20: 24.326667 | D20: 34.487013 | E20: 28.136126 | F20: 23.202 | G20: 39.373333 | H20: 32.455224
A21: GEMS (Con) - 17 -18 - 19 - 20 - 21 - 31 | B21: 2025 | C21: 24.34 | D21: 34.487013 | E21: 21.649215 | F21: 23.204 | G21: 39.386667 | H21: 24.962687
A22: GEMS (non) - GP | B22: 2026 | C22: =527.1/C2 -> 17.57 | D22: =1917.1/D2 -> 24.897403 | E22: =258.7/E2 -> 13.544503 | F22: =837.4/F2 -> 16.748 | G22: =213.1/G2 -> 28.413333 | H22: =208.7/8.9 -> 23.449438
A23: GEMS (non) - Paeds | B23: 2026 | C23: =542.1/C2 -> 18.07 | D23: =1971/D2 -> 25.597403 | E23: =398.9/E2 -> 20.884817 | F23: =861.3/F2 -> 17.226 | G23: =219/G2 -> 29.2 | H23: =322.9/13.4 -> 24.097015
A24: GEMS (non) - Gyn | B24: 2026 | C24: 18.07 | D24: 25.597403 | E24: 20.884817 | F24: 17.226 | G24: 29.2 | H24: 24.097015
A25: GEMS (non) - Physician Fraternity - 17, 18, 19, 20, 21, 31 - Surgical Fraternity - 24, 26, 28, 30, 36, 42, 44, 46, 114 | B25: 2026 | C25: =568.4/C2 -> 18.946667 | D25: =2066/D2 -> 26.831169 | E25: =418.3/E2 -> 21.900524 | F25: =902.9/F2 -> 18.058 | G25: =229.7/G2 -> 30.626667 | H25: =338.3/13.4 -> 25.246269 | K25: =K31:Z31 -> 0 | L25: =L31:AA31 -> 0 | M25: =M31:AB31 -> 0 | N25: =N31:AC31 -> 0 | O25: =O31:AD31 -> 0 | P25: =P31:AE31 -> 0 | Q25: =Q31:AF31 -> 0 | R25: =R31:AG31 -> 0 | S25: =S31:AH31 -> 0
A26: GEMS (Con) - GP | B26: 2026 | C26: =589.1/C2 -> 19.636667 | D26: =2141.9/D2 -> 27.816883 | E26: =289.1/E2 -> 15.136126 | F26: =936.1/F2 -> 18.722 | G26: =237.7/G2 -> 31.693333 | H26: =233.4/8.9 -> 26.224719
A27: GEMS (Con) - Paeds | B27: 2026 | C27: 25.08 | D27: 35.555844 | E27: 29.010471 | F27: 23.922 | G27: 40.6 | H27: 33.462687
A28: GEMS (Con) - Gyn | B28: 2026 | C28: =752.4/C2 -> 25.08 | D28: =2737.8/D2 -> 35.555844 | E28: =554.1/E2 -> 29.010471 | F28: =1196.1/F2 -> 23.922 | G28: =304.5/G2 -> 40.6 | H28: =448.4/13.4 -> 33.462687
A29: GEMS (Con Phys) - 17 -18 - 19 - 20 - 21 - 31 | B29: 2026 | C29: =752.8/C2 -> 25.093333 | D29: =2737.8/D2 -> 35.555844 | E29: =426.3/E2 -> 22.319372 | F29: =1196.2/F2 -> 23.924 | G29: =304.6/G2 -> 40.613333 | H29: =344.9/13.4 -> 25.738806
A30: GEMS | B30: 2025
A31: GEMS | B31: 2026
A32: KeyHealth | B32: 2025 | C32: 19.366 | D32: 27.433 | E32: 22.388 | F32: 18.46 | H32: 25.82 | I32: 31.272 | J32: 35.058
A33: KeyHealth | B33: 2026 | C33: =C32*1.039 -> 20.121274 | D33: =D32*1.039 -> 28.502887 | E33: =E32*1.039 -> 23.261132 | F33: =F32*1.039 -> 19.17994 | G33: =G32*1.039 -> 0 | H33: =H32*1.039 -> 26.82698 | I33: 32.491 | J33: 36.425
A34: Polmed Network | B34: 2025 | C34: 19.276667 | D34: 27.302597 | E34: 14.848168 | F34: 18.37 | G34: 31.106667 | H34: 13.134328
A35: Polmed Network | B35: 2026 | C35: =785.7/C2 -> 26.19 | D35: =2865/D2 -> 37.207792 | E35: =296.7/E2 -> 15.534031 | F35: =1247.8/F2 -> 24.956 | G35: =317.1/G2 -> 42.28 | H35: =239.1/13.4 -> 17.843284
A36: Bestmed Non-network | B36: 2025 | C36: 18.7 | D36: 26.498701 | E36: 14.418848 | F36: 17.832 | H36: 16.380597
A37: Bestmed Non-network | B37: 2026 | C37: =584.6/C2 -> 19.486667 | D37: =2126.1/D2 -> 27.611688 | E37: =287/E2 -> 15.026178 | F37: =929/F2 -> 18.58 | H37: =228.7/13.4 -> 17.067164
A38: Medihelp | B38: 2025 | C38: 18.323333 | D38: 25.796104 | E38: 18.17801 | F38: 17.36 | H38: 20.955224
A39: Medihelp | B39: 2026 | C39: =568.4/C2 -> 18.946667 | D39: =2107.3/D2 -> 27.367532 | E39: =354.1/E2 -> 18.539267 | F39: =920.8/F2 -> 18.416 | G39: =229.47/G2 -> 30.596 | H39: =286.4/13.4 -> 21.373134
A40: ProfMed | B40: 2025 | C40: 18.247 | D40: 25.849 | E40: 21.095 | F40: 17.73 | H40: 24.799 | I40: 29.465 | J40: 33.672
A41: ProfMed | B41: 2026 | C41: =C40*1.045 -> 19.068115 | D41: =D40*1.045 -> 27.012205 | E41: =E40*1.045 -> 22.044275 | F41: =F40*1.045 -> 18.52785 | G41: =G40*1.045 -> 0 | H41: =H40*1.045 -> 25.914955 | I41: 30.791 | J41: 35.187
A42: HealthMan - Specialists | B42: 2025 | C42: 71.889699 | K42: 57.131115 | L42: 56.761626 | M42: 1112676.9 | N42: 155 | O42: 282 | P42: 267 | Q42: 462 | R42: 447
A43: HealthMan - Specialists | B43: 2026 | C43: =C42*1.047 -> 75.268515 | K43: =($M43/$N43+O43*$C43)/Q43 -> 61.978346 | L43: =($M43/$N43+P43*$C43)/R43 -> 61.532367 | M43: =675300*1.15*1.125*1.125*1.07*1.058*1.032 -> 1148282.6 | N43: 155 | O43: 282 | P43: 267 | Q43: 462 | R43: 447
A44: HealthMan - Psychiatry | B44: 2025 | C44: 61.814602
A45: HealthMan - Psychiatry | B45: 2026 | C45: =C44*1.047 -> 64.719889
A46: HealthMan - GP | B46: 2025 | C46: 56.467509 | K46: 48.208324 | L46: 48.029955 | M46: 1112676.9 | N46: 155 | O46: 282 | P46: 267 | Q46: 462 | R46: 447
A47: HealthMan - GP | B47: 2026 | C47: =C46*1.047 -> 59.121482 | K47: =($M47/$N47+O47*$C47)/Q47 -> 52.122365 | L47: =($M47/$N47+P47*$C47)/R47 -> 51.887495 | M47: =M43 -> 1148282.6 | N47: 155 | O47: 282 | P47: 267 | Q47: 462 | R47: 447
A49: BestMed Network | B49: 2025
A50: BestMed Network | B50: 2026
A51: Bonitas - non Network | B51: 2025
A52: Bonitas - non Network | B52: 2026
A53: Discovery ICU - Non Network | B53: 2025 | S53: =504.3/30 -> 16.81
A54: Discovery ICU - Non Network | B54: 2026 | S54: =523.5/30 -> 17.45
A55: Discovery ICU - Network | B55: 2025 | S55: =537.4/30 -> 17.913333
A56: Discovery ICU - Network | B56: 2026 | S56: =557.8/30 -> 18.593333
A58: GEMS (Con) - Surgeons - Surgical Fraternity - 24, 26, 28, 30, 36, 42, 44, 46, 114 | B58: 2025 | C58: 23.28 | D58: 25.362338 | E58: 20.696335 | F58: 22.186 | G58: 28.946667 | H58: 23.865672
A59: GEMS (Con) - Surgeons - Surgical Fraternity - 24, 26, 28, 30, 36, 42, 44, 46, 114 | B59: 2026 | C59: =753.1/C2 -> 25.103333 | D59: =2106/D2 -> 27.350649 | E59: =426.3/E2 -> 22.319372 | F59: =1196.3/F2 -> 23.926 | G59: =234.1/G2 -> 31.213333 | H59: =334.9/13.4 -> 24.992537
A61: Polmed Non Network | B61: 2025
A62: Polmed Non Network | B62: 2026
A63: CAMAF | B63: 2025 | C63: 18.971 | D63: 27.377 | F63: 18.082
A64: CAMAF | B64: 2026 | C64: =594.8/C2 -> 19.826667 | D64: =2209.9/D2 -> 28.7 | F64: =944.8/F2 -> 18.896
